Workbook
Name case: Input!#REF!
Name date: Info!#REF!
Name switch: Info!$N$11
Name Switch2: Input!#REF!
Name target_yrend: Info!$N$8
Name Title: Info!$A$1

Sheet Welcome
A2: Hologic LBO model
A5: This document is for training purposes only. Financial Edge accepts no responsibility or liability for any other purpose or usage.
A7: © 2016 Financial Edge Training

Sheet Info
A1: Hologic LBO
A2: {=MID(CELL("filename",C1),FIND("]",CELL("filename",C1))+1,255)} -> #VALUE!
B4: Features | L4: Model Details
B5: ◦ | C5: LBO Model
B6: ◦ | C6: Consolidation | L6: Target | N6: Hologic
B7: ◦ | C7: Financing package scenarios | L7: Acquisition date | N7: 45930
B8: ◦ | C8: Revolver commitment fee | L8: Last target year end | N8: 45930
B9: ◦ | C9: Bank and base case assumptions | L9: Units | N9: Millions $
L10: Analyst Name | N10: Firstname Lastname
L11: Circular Switch | N11: 1
B14: Tab Structure | O14: Formatting
P16: Input
P17: Hard coded
P18: Formulas

Sheet LBO
A1: =Title -> Hologic LBO
A2: Figures in MMs | C2: Hist. | D2: Hist. | H2: Proj. | I2: Proj. | J2: Proj. | K2: Proj. | L2: Proj. | M2: Proj. | N2: Proj. | O2: Proj.
A3: {=MID(CELL("filename",A3),FIND("]",CELL("filename",A3))+1,255)} -> #VALUE! | C3: =EDATE(D3,-12) -> 45565 | D3: =target_yrend -> 45930 | E3: Accounting | F3: Financing | G3: Combo | H3: =EDATE(D3,12) -> 46295 | I3: =EDATE(H3,12) -> 46660 | J3: =EDATE(I3,12) -> 47026 | K3: =EDATE(J3,12) -> 47391 | L3: =EDATE(K3,12) -> 47756 | M3: =EDATE(L3,12) -> 48121 | N3: =EDATE(M3,12) -> 48487 | O3: =EDATE(N3,12) -> 48852
B4: Hologic entry EV/revenue | D4: =D14/IS!D7 -> 4.4513121
A5: Key assumptions
B6: Share price | D6: 54.1
B7: Premium | D7: 0.46 | F7: Bolt ons
B8: Acquisition share price | D8: =D6*(1+D7) -> 78.986 | F8: Capex | H8: 1000 | I8: 1500
B9: Basic shares outstanding | D9: 222.9 | F9: EV/revenue | H9: 4 | I9: 4
B10: Dilution adjustment | D10: =SUM(E29:E30) -> 2.8261464 | F10: Revenue | H10: =H8/H9 -> 250 | I10: =I8/I9 -> 375
B11: Diluted shares outstanding | D11: =SUM(D9:D10) -> 225.72615
B12: Acquisition equity value | D12: =D8*D11 -> 17829.205 | F12: Year of ownership | H12: 1 | I12: =H12+1 -> 2 | J12: =I12+1 -> 3 | K12: =J12+1 -> 4 | L12: =K12+1 -> 5 | M12: =L12+1 -> 6 | N12: =M12+1 -> 7 | O12: =N12+1 -> 8
B13: Net debt | D13: =BS!D16+BS!D21-BS!D5 -> 423.4 | F13: Revenue growth | H13: 0.04 | I13: 0.05 | J13: 0.04 | K13: 0.04 | L13: 0.04 | M13: 0.04 | N13: 0.04 | O13: 0.04
B14: Acquisition EV | D14: =D12+D13 -> 18252.605 | F14: Op costs % revenue | H14: 0.7 | I14: 0.65 | J14: 0.6 | K14: 0.6 | L14: 0.6 | M14: 0.6 | N14: 0.6 | O14: 0.6
B15: Historic EBITDA | D15: =IS!D23 -> 1077.7
B16: Entry EV/historic EBITDA | D16: =D14/D15 -> 16.936629 | F16: Bolt on 1 rev | I16: =H10*(1+H13) -> 260 | J16: =I16*(1+I13) -> 273 | K16: =J16*(1+J13) -> 283.92 | L16: =K16*(1+K13) -> 295.2768 | M16: =L16*(1+L13) -> 307.08787 | N16: =M16*(1+M13) -> 319.37139 | O16: =N16*(1+N13) -> 332.14624
B17: Exit EV/historic EBITDA | D17: =D16 -> 16.936629 | F17: Bolt on 2 rev | J17: =I10*(1+H13) -> 390 | K17: =J17*(1+I13) -> 409.5 | L17: =K17*(1+J13) -> 425.88 | M17: =L17*(1+K13) -> 442.9152 | N17: =M17*(1+L13) -> 460.63181 | O17: =N17*(1+M13) -> 479.05708
B18: Fees % EV | D18: 0.02 | F18: Total | H18: =SUM(H16:H17) -> 0 | I18: =SUM(I16:I17) -> 260 | J18: =SUM(J16:J17) -> 663 | K18: =SUM(K16:K17) -> 693.42 | L18: =SUM(L16:L17) -> 721.1568 | M18: =SUM(M16:M17) -> 750.00307 | N18: =SUM(N16:N17) -> 780.00319 | O18: =SUM(O16:O17) -> 811.20332
B19: SOFR | D19: 0.0405
B20: Exit year | D20: 5 | F20: Bolt on 1 costs | I20: =I16*H14 -> 182 | J20: =J16*I14 -> 177.45 | K20: =K16*J14 -> 170.352 | L20: =L16*K14 -> 177.16608 | M20: =M16*L14 -> 184.25272 | N20: =N16*M14 -> 191.62283 | O20: =O16*N14 -> 199.28775
B21: % cash sweep | D21: 0.75 | F21: Bolt on 2 costs | J21: =J17*H14 -> 273 | K21: =K17*I14 -> 266.175 | L21: =L17*J14 -> 255.528 | M21: =M17*K14 -> 265.74912 | N21: =N17*L14 -> 276.37908 | O21: =O17*M14 -> 287.43425
B22: Margin improvement in 3rd yr | D22: 0.03 | F22: Total | H22: =SUM(H20:H21) -> 0 | I22: =SUM(I20:I21) -> 182 | J22: =SUM(J20:J21) -> 450.45 | K22: =SUM(K20:K21) -> 436.527 | L22: =SUM(L20:L21) -> 432.69408 | M22: =SUM(M20:M21) -> 450.00184 | N22: =SUM(N20:N21) -> 468.00192 | O22: =SUM(O20:O21) -> 486.72199
B23: Revolver committed amount | D23: 750
B24: Revolver commitment fee | D24: 0.005
B25: Mezzanine warrant exit % | D25: 0.05
A27: Dilution adjustment
B28: Instrument | C28: Number | D28: Price | E28: Dilution
B29: Options | C29: 4.3 | D29: 58.3 | E29: =C29*MAX(0,($D$8-D29)/$D$8) -> 1.1261464
B30: RSUs | C30: 1.7 | D30: 0 | E30: =C30*MAX(0,($D$8-D30)/$D$8) -> 1.7
A32: Financing package options
B33: Instrument | C33: Package 1 | D33: Package 2
B34: Revolver | C34: 0 | D34: 0
B35: Term loan B | C35: 9500 | D35: 5000
B36: Subordinated debt | C36: 2000 | D36: 2000
B37: Mezzanine | C37: 0 | D37: 1500
B38: Preference shares | C38: =C40-C39-SUM(C34:C37) -> 3302.6575 | D38: =D40-D39-SUM(D34:D37) -> 6302.6575
B39: Common equity | C39: 4000 | D39: =C39 -> 4000
B40: Total sources | C40: =$C$47 -> 18802.658 | D40: =$C$47 -> 18802.658
A42: Uses
B43: =B12 -> Acquisition equity value | C43: =D12 -> 17829.205
B44: Refinanced net debt | C44: =D13 -> 423.4
B45: Amortising fees | C45: =J60 -> 185
B46: Fees | C46: =D18*D14 -> 365.05211
B47: Total uses | C47: =SUM(C43:C46) -> 18802.658
A49: Sources
B50: Selected financing package | D50: 2
D52: Debt/LTM
C53: Drawn | D53: EBITDA | E53: % total | F53: Spread | G53: Rate | H53: fee/OID | I53: Term | J53: Fee | K53: Fee/yr
B54: Revolver | C54: {=INDEX(C34:D34,,$D$50)} -> 0 | D54: =C54/$D$15 -> 0 | E54: =C54/$C$60 -> 0 | F54: 0.0275 | G54: =F54+$D$19 -> 0.068
B55: =B35 -> Term loan B | C55: {=INDEX(C35:D35,,$D$50)} -> 5000 | D55: =C55/$D$15+D54 -> 4.6395101 | E55: =C55/$C$60 -> 0.26591986 | F55: 0.0275 | G55: =F55+$D$19 -> 0.068 | H55: 0.02 | I55: 7 | J55: =C55*H55 -> 100 | K55: =J55/I55 -> 14.285714
B56: =B36 -> Subordinated debt | C56: {=INDEX(C36:D36,,$D$50)} -> 2000 | D56: =C56/$D$15+D55 -> 6.4953141 | E56: =C56/$C$60 -> 0.10636794 | F56: 0.04 | G56: =F56+$D$19 -> 0.0805 | H56: 0.02 | I56: 8 | J56: =C56*H56 -> 40 | K56: =J56/I56 -> 5
B57: Mezzanine | C57: {=INDEX(C37:D37,,$D$50)} -> 1500 | D57: =C57/$D$15+D56 -> 7.8871671 | E57: =C57/$C$60 -> 0.079775957 | G57: 0.12 | H57: 0.03 | I57: 9 | J57: =C57*H57 -> 45 | K57: =J57/I57 -> 5
B58: Preference shares | C58: {=INDEX(C38:D38,,$D$50)} -> 6302.6575 | E58: =C58/$C$60 -> 0.33520036 | G58: 0.12
B59: Common equity | C59: {=INDEX(C39:D39,,$D$50)} -> 4000 | E59: =C59/$C$60 -> 0.21273589
B60: Total sources | C60: =SUM(C54:C59) -> 18802.658 | E60: =SUM(E54:E59) -> 1 | J60: =SUM(J54:J59) -> 185 | K60: =SUM(K55:K59) -> 24.285714
A62: Ownership
C63: Entry | D63: Exit
B64: Management | C64: 0.05 | D64: =D67-D65-D66 -> 0.0475
B65: PE institution | C65: =C67-C64 -> 0.95 | D65: =C65*(1-D66) -> 0.9025
B66: Mezzanine | C66: 0 | D66: =IF(C57>0,D25,0) -> 0.05
B67: Total | C67: 1 | D67: 1
A69: Goodwill
B70: Equity purchase price | D70: =C43 -> 17829.205
B71: Net identifable assets | D71: =BS!D14-BS!D13-BS!D29 -> 1407
B72: Goodwill | D72: =D70-D71 -> 16422.205
A74: Equity returns
B75: Year count | H75: 1 | I75: =H75+1 -> 2 | J75: =I75+1 -> 3 | K75: =J75+1 -> 4 | L75: =K75+1 -> 5 | M75: =L75+1 -> 6 | N75: =M75+1 -> 7 | O75: =N75+1 -> 8
B76: EBITDA post cost improvements | H76: =IS!H23 -> 1500.1219 | I76: =IS!I23 -> 1689.1046 | J76: =IS!J23 -> 1867.2285 | K76: =IS!K23 -> 1842.2773 | L76: =IS!L23 -> 1865.9268 | M76: =IS!M23 -> 1880.5189 | N76: =IS!N23 -> 1905.0657 | O76: =IS!O23 -> 1938.3725
B77: Enterprise value | H77: =H76*$D$17 -> 25407.008 | I77: =I76*$D$17 -> 28607.738 | J77: =J76*$D$17 -> 31624.557 | K77: =K76*$D$17 -> 31201.969 | L77: =L76*$D$17 -> 31602.511 | M77: =M76*$D$17 -> 31849.651 | N77: =N76*$D$17 -> 32265.392 | O77: =O76*$D$17 -> 32829.497
B78: + Cash | H78: =BS!H5 -> 0 | I78: =BS!I5 -> 0 | J78: =BS!J5 -> 0 | K78: =BS!K5 -> 195.94639 | L78: =BS!L5 -> 275.05839 | M78: =BS!M5 -> 307.82874 | N78: =BS!N5 -> 332.73594 | O78: =BS!O5 -> 0
B79: - Preference shares | H79: =Calc!H15*-1 -> -7058.9764 | I79: =Calc!I15*-1 -> -7906.0536 | J79: =Calc!J15*-1 -> -8854.78 | K79: =Calc!K15*-1 -> -9917.3536 | L79: =Calc!L15*-1 -> -11107.436 | M79: =Calc!M15*-1 -> -12440.328 | N79: =Calc!N15*-1 -> -13933.168 | O79: =Calc!O15*-1 -> -15605.148
B80: -Mezzanine debt | H80: =Debt!H71*-1 -> -1680 | I80: =Debt!I71*-1 -> -1881.6 | J80: =Debt!J71*-1 -> -2107.392 | K80: =Debt!K71*-1 -> -2360.279 | L80: =Debt!L71*-1 -> -2643.5125 | M80: =Debt!M71*-1 -> -2960.734 | N80: =Debt!N71*-1 -> -3316.0221 | O80: =Debt!O71*-1 -> -3713.9448
B81: - Total debt excl mezz | H81: =(Debt!H23+Debt!H43+Debt!H61+Debt!H50)*-1 -> -7274.2907 | I81: =(Debt!I23+Debt!I43+Debt!I61+Debt!I50)*-1 -> -7949.8308 | J81: =(Debt!J23+Debt!J43+Debt!J61+Debt!J50)*-1 -> -10053.447 | K81: =(Debt!K23+Debt!K43+Debt!K61+Debt!K50)*-1 -> -9412.1608 | L81: =(Debt!L23+Debt!L43+Debt!L61+Debt!L50)*-1 -> -8586.9857 | M81: =(Debt!M23+Debt!M43+Debt!M61+Debt!M50)*-1 -> -7663.4994 | N81: =(Debt!N23+Debt!N43+Debt!N61+Debt!N50)*-1 -> -6665.2916 | O81: =(Debt!O23+Debt!O43+Debt!O61+Debt!O50)*-1 -> -5211.3533
B82: = Equity value | H82: =SUM(H77:H81) -> 9393.7408 | I82: =SUM(I77:I81) -> 10870.254 | J82: =SUM(J77:J81) -> 10608.938 | K82: =SUM(K77:K81) -> 9708.1215 | L82: =SUM(L77:L81) -> 9539.6355 | M82: =SUM(M77:M81) -> 9092.918 | N82: =SUM(N77:N81) -> 8683.6467 | O82: =SUM(O77:O81) -> 8299.0513
B84: Exit year flag | H84: =IF(H75=$D$20,1,0) -> 0 | I84: =IF(I75=$D$20,1,0) -> 0 | J84: =IF(J75=$D$20,1,0) -> 0 | K84: =IF(K75=$D$20,1,0) -> 0 | L84: =IF(L75=$D$20,1,0) -> 1 | M84: =IF(M75=$D$20,1,0) -> 0 | N84: =IF(N75=$D$20,1,0) -> 0 | O84: =IF(O75=$D$20,1,0) -> 0
A86: PE institution
B87: Preference shares | G87: =C58*-1 -> -6302.6575 | H87: =H84*H79*-1 -> 0 | I87: =I84*I79*-1 -> 0 | J87: =J84*J79*-1 -> 0 | K87: =K84*K79*-1 -> 0 | L87: =L84*L79*-1 -> 11107.436 | M87: =M84*M79*-1 -> 0 | N87: =N84*N79*-1 -> 0 | O87: =O84*O79*-1 -> 0
B88: Dividend | H88: =Debt!H53*-1*LBO!$C$65 -> 0 | I88: =Debt!I53*-1*LBO!$C$65 -> 0 | J88: =Debt!J53*-1*LBO!$C$65 -> 2850 | K88: =Debt!K53*-1*LBO!$C$65 -> 0 | L88: =Debt!L53*-1*LBO!$C$65 -> 0 | M88: =Debt!M53*-1*LBO!$C$65 -> 0 | N88: =Debt!N53*-1*LBO!$C$65 -> 0 | O88: =Debt!O53*-1*LBO!$C$65 -> 0
B89: Equity | G89: =C59*C65*-1 -> -3800 | H89: =H84*H82*$D$65 -> 0 | I89: =I84*I82*$D$65 -> 0 | J89: =J84*J82*$D$65 -> 0 | K89: =K84*K82*$D$65 -> 0 | L89: =L84*L82*$D$65 -> 8609.5211 | M89: =M84*M82*$D$65 -> 0 | N89: =N84*N82*$D$65 -> 0 | O89: =O84*O82*$D$65 -> 0
B90: Total | G90: =SUM(G87:G89) -> -10102.658 | H90: =SUM(H87:H89) -> 0 | I90: =SUM(I87:I89) -> 0 | J90: =SUM(J87:J89) -> 2850 | K90: =SUM(K87:K89) -> 0 | L90: =SUM(L87:L89) -> 19716.957 | M90: =SUM(M87:M89) -> 0 | N90: =SUM(N87:N89) -> 0 | O90: =SUM(O87:O89) -> 0
B91: IRR | G91: =IRR(G90:O90) -> 0.18621147
B92: Multiple of money | G92: =SUM(H90:O90)/G90*-1 -> 2.2337644
A94: Mezzanine
B95: Mezzanine debt | G95: =C57*-1 -> -1500 | H95: =H84*H80*-1 -> 0 | I95: =I84*I80*-1 -> 0 | J95: =J84*J80*-1 -> 0 | K95: =K84*K80*-1 -> 0 | L95: =L84*L80*-1 -> 2643.5125 | M95: =M84*M80*-1 -> 0 | N95: =N84*N80*-1 -> 0 | O95: =O84*O80*-1 -> 0
B96: Mezzanine cash interest | H96: =IF(H75<=$D$20,Debt!H72*-1,0) -> 0 | I96: =IF(I75<=$D$20,Debt!I72*-1,0) -> 0 | J96: =IF(J75<=$D$20,Debt!J72*-1,0) -> 0 | K96: =IF(K75<=$D$20,Debt!K72*-1,0) -> 0 | L96: =IF(L75<=$D$20,Debt!L72*-1,0) -> 0 | M96: =IF(M75<=$D$20,Debt!M72*-1,0) -> 0 | N96: =IF(N75<=$D$20,Debt!N72*-1,0) -> 0 | O96: =IF(O75<=$D$20,Debt!O72*-1,0) -> 0
B97: Equity | H97: =H84*H82*$D$66 -> 0 | I97: =I84*I82*$D$66 -> 0 | J97: =J84*J82*$D$66 -> 0 | K97: =K84*K82*$D$66 -> 0 | L97: =L84*L82*$D$66 -> 476.98178 | M97: =M84*M82*$D$66 -> 0 | N97: =N84*N82*$D$66 -> 0 | O97: =O84*O82*$D$66 -> 0
B98: Total | G98: =SUM(G95:G97) -> -1500 | H98: =SUM(H95:H97) -> 0 | I98: =SUM(I95:I97) -> 0 | J98: =SUM(J95:J97) -> 0 | K98: =SUM(K95:K97) -> 0 | L98: =SUM(L95:L97) -> 3120.4943 | M98: =SUM(M95:M97) -> 0 | N98: =SUM(N95:N97) -> 0 | O98: =SUM(O95:O97) -> 0
B99: IRR | G99: =IFERROR(IRR(G98:O98),"na") -> 0.15778102 | P99: =IF(ISBLANK(O99),"",_xlfn.FORMULATEXT(O99))
B100: Multiple of money | G100: =IFERROR(SUM(H98:O98)/G98*-1,"na") -> 2.0803295 | P100: =IF(ISBLANK(O100),"",_xlfn.FORMULATEXT(O100))
P101: =IF(ISBLANK(O101),"",_xlfn.FORMULATEXT(O101))
A102: Management | P102: =IF(ISBLANK(O102),"",_xlfn.FORMULATEXT(O102))
B103: Equity | G103: =C64*C59*-1 -> -200 | H103: =H84*H82*$D$64 -> 0 | I103: =I84*I82*$D$64 -> 0 | J103: =J84*J82*$D$64 -> 0 | K103: =K84*K82*$D$64 -> 0 | L103: =L84*L82*$D$64 -> 453.13269 | M103: =M84*M82*$D$64 -> 0 | N103: =N84*N82*$D$64 -> 0 | O103: =O84*O82*$D$64 -> 0
B104: Dividend | H104: =Debt!H53*-1*$C$64 -> 0 | I104: =Debt!I53*-1*$C$64 -> 0 | J104: =Debt!J53*-1*$C$64 -> 150 | K104: =Debt!K53*-1*$C$64 -> 0 | L104: =Debt!L53*-1*$C$64 -> 0 | M104: =Debt!M53*-1*$C$64 -> 0 | N104: =Debt!N53*-1*$C$64 -> 0 | O104: =Debt!O53*-1*$C$64 -> 0
B105: Total | G105: =SUM(G103:G104) -> -200 | H105: =SUM(H103:H104) -> 0 | I105: =SUM(I103:I104) -> 0 | J105: =SUM(J103:J104) -> 150 | K105: =SUM(K103:K104) -> 0 | L105: =SUM(L103:L104) -> 453.13269 | M105: =SUM(M103:M104) -> 0 | N105: =SUM(N103:N104) -> 0 | O105: =SUM(O103:O104) -> 0
B106: IRR | G106: =IRR(G105:O105) -> 0.28504042
B107: Multiple of money | G107: =SUM(H103:O103)/G103*-1 -> 2.2656634
A109: Fund IRR sensitivity to exit multiple and margin improvement run-rate
D111: Margin improvement run rate
C112: =G91 -> 0.18621147 | D112: 0.02 | E112: 0.025 | F112: 0.03 | G112: 0.035 | H112: 0.04
C113: =C114-1 -> 14.936629 | D113: 0.13844647 | E113: 0.14302116 | F113: 0.14751942 | G113: 0.15194427 | H113: 0.15630977
...

Sheet Input
A1: =Title -> Hologic LBO
A2: Figures in MMs | C2: Hist. | D2: Hist. | H2: Proj. | I2: Proj. | J2: Proj. | K2: Proj. | L2: Proj. | M2: Proj. | N2: Proj. | O2: Proj.
A3: {=MID(CELL("filename",A3),FIND("]",CELL("filename",A3))+1,255)} -> #VALUE! | C3: =EDATE(D3,-12) -> 45565 | D3: =target_yrend -> 45930 | E3: Accounting | F3: Financing | G3: Combo | H3: =EDATE(D3,12) -> 46295 | I3: =EDATE(H3,12) -> 46660 | J3: =EDATE(I3,12) -> 47026 | K3: =EDATE(J3,12) -> 47391 | L3: =EDATE(K3,12) -> 47756 | M3: =EDATE(L3,12) -> 48121 | N3: =EDATE(M3,12) -> 48487 | O3: =EDATE(N3,12) -> 48852
B5: Selected case | C5: 1 | E5: 1 | F5: Base
E6: 2 | F6: Bank
A7: Income statement assumptions
B8: Base case sales growth | H8: 0.045 | I8: 0.053 | J8: 0.049 | K8: 0.046 | L8: 0.04 | M8: =L8 -> 0.04 | N8: =M8 -> 0.04 | O8: =N8 -> 0.04
B9: Bank case sales growth | H9: 0.03 | I9: 0.04 | J9: 0.04 | K9: 0.04 | L9: 0.03 | M9: =L9 -> 0.03 | N9: =M9 -> 0.03 | O9: =N9 -> 0.03
B10: Selected case sales growth | D10: =IS!D7/IS!C7-1 -> 0.017418058 | H10: {=INDEX(H8:H9,$C$5,)} -> 0.045 | I10: {=INDEX(I8:I9,$C$5,)} -> 0.053 | J10: {=INDEX(J8:J9,$C$5,)} -> 0.049 | K10: {=INDEX(K8:K9,$C$5,)} -> 0.046 | L10: {=INDEX(L8:L9,$C$5,)} -> 0.04 | M10: {=INDEX(M8:M9,$C$5,)} -> 0.04 | N10: {=INDEX(N8:N9,$C$5,)} -> 0.04 | O10: {=INDEX(O8:O9,$C$5,)} -> 0.04
B11: Cost of sales % sales | C11: =IS!C9/IS!C7 -> -0.44475597 | D11: =IS!D9/IS!D7 -> -0.44228753 | H11: -0.4 | I11: -0.39 | J11: -0.39 | K11: -0.4 | L11: =K11 -> -0.4 | M11: =L11 -> -0.4 | N11: =M11 -> -0.4 | O11: =N11 -> -0.4
B12: SG&A % sales | C12: =IS!C11/IS!C7 -> -0.31451753 | D12: =IS!D11/IS!D7 -> -0.3214486 | H12: -0.295 | I12: -0.3 | J12: =I12 -> -0.3 | K12: =J12 -> -0.3 | L12: =K12 -> -0.3 | M12: =L12 -> -0.3 | N12: =M12 -> -0.3 | O12: =N12 -> -0.3
B13: Non-recurring expenses | C13: =IS!C12 -> -107.7 | D13: =IS!D12 -> -247.2 | H13: 0 | I13: 0 | J13: 0 | K13: 0 | L13: 0 | M13: 0 | N13: 0 | O13: 0
B14: Base case margin improvement as a % of LTM sales | H14: =I14-0.005 -> 0.02 | I14: =J14-0.005 -> 0.025 | J14: =LBO!D22 -> 0.03 | K14: =J14 -> 0.03 | L14: =K14 -> 0.03 | M14: =L14 -> 0.03 | N14: =M14 -> 0.03 | O14: =N14 -> 0.03
B15: Bank case margin improvement as a % of LTM sales | H15: =I15-0.005 -> 0 | I15: =J15-0.005 -> 0.005 | J15: =LBO!D22-0.02 -> 0.01 | K15: =J15 -> 0.01 | L15: =K15 -> 0.01 | M15: =L15 -> 0.01 | N15: =M15 -> 0.01 | O15: =N15 -> 0.01
B16: Selected case margin improvement as a % of LTM sales | H16: {=INDEX(H14:H15,$C$5,)} -> 0.02 | I16: {=INDEX(I14:I15,$C$5,)} -> 0.025 | J16: {=INDEX(J14:J15,$C$5,)} -> 0.03 | K16: {=INDEX(K14:K15,$C$5,)} -> 0.03 | L16: {=INDEX(L14:L15,$C$5,)} -> 0.03 | M16: {=INDEX(M14:M15,$C$5,)} -> 0.03 | N16: {=INDEX(N14:N15,$C$5,)} -> 0.03 | O16: {=INDEX(O14:O15,$C$5,)} -> 0.03
B17: Depreciation % of opening PP&E | D17: =Calc!D9/Calc!C10 -> -0.17285714 | H17: -0.17 | I17: =H17 -> -0.17 | J17: =I17 -> -0.17 | K17: =J17 -> -0.17 | L17: =K17 -> -0.17 | M17: =L17 -> -0.17 | N17: =M17 -> -0.17 | O17: =N17 -> -0.17
B18: Effective tax rate | C18: =IS!C17/IS!C16 -> -0.087388741 | D18: =IS!D17/IS!D16 -> -0.16955373 | H18: -0.19 | I18: -0.19 | J18: -0.18 | K18: -0.19 | L18: =K18 -> -0.19 | M18: =L18 -> -0.19 | N18: =M18 -> -0.19 | O18: =N18 -> -0.19
A20: Balance sheet assumptions
B21: Inventory days | C21: =BS!C7/IS!C9*365 -> -138.46583 | D21: =BS!D7/IS!D9*365 -> -136.65362 | H21: =D21 -> -136.65362 | I21: =H21 -> -136.65362 | J21: =I21 -> -136.65362 | K21: =J21 -> -136.65362 | L21: =K21 -> -136.65362 | M21: =L21 -> -136.65362 | N21: =M21 -> -136.65362 | O21: =N21 -> -136.65362
B22: Receivable days | C22: =BS!C6/IS!C7*365 -> 54.338387 | D22: =BS!D6/IS!D7*365 -> 53.497134 | H22: =D22 -> 53.497134 | I22: =H22 -> 53.497134 | J22: =I22 -> 53.497134 | K22: =J22 -> 53.497134 | L22: =K22 -> 53.497134 | M22: =L22 -> 53.497134 | N22: =M22 -> 53.497134 | O22: =N22 -> 53.497134
B23: Other current assets % of sales | C23: =BS!C8/IS!C7 -> 0.052105302 | D23: =BS!D8/IS!D7 -> 0.045116449 | H23: =D23 -> 0.045116449 | I23: =H23 -> 0.045116449 | J23: =I23 -> 0.045116449 | K23: =J23 -> 0.045116449 | L23: =K23 -> 0.045116449 | M23: =L23 -> 0.045116449 | N23: =M23 -> 0.045116449 | O23: =N23 -> 0.045116449
B24: Capex % sales | C24: =Calc!C7/IS!C7 -> 0.034786492 | D24: =Calc!D7/IS!D7 -> 0.037166199 | H24: 0.037 | I24: 0.033 | J24: 0.032 | K24: =J24 -> 0.032 | L24: =K24 -> 0.032 | M24: =L24 -> 0.032 | N24: =M24 -> 0.032 | O24: =N24 -> 0.032
B25: Other LT assets amount | C25: =BS!C12 -> 1261 | D25: =BS!D12 -> 1053 | H25: =D25 -> 1053 | I25: =H25 -> 1053 | J25: =I25 -> 1053 | K25: =J25 -> 1053 | L25: =K25 -> 1053 | M25: =L25 -> 1053 | N25: =M25 -> 1053 | O25: =N25 -> 1053
B26: Payable days | C26: =BS!C17/IS!C9*365 -> -41.499024 | D26: =BS!D17/IS!D9*365 -> -38.923136 | H26: =D26 -> -38.923136 | I26: =H26 -> -38.923136 | J26: =I26 -> -38.923136 | K26: =J26 -> -38.923136 | L26: =K26 -> -38.923136 | M26: =L26 -> -38.923136 | N26: =M26 -> -38.923136 | O26: =N26 -> -38.923136
B27: Other current lia % sales | C27: =BS!C18/IS!C7 -> 0.19070541 | D27: =BS!D18/IS!D7 -> 0.18300207 | H27: =D27 -> 0.18300207 | I27: =H27 -> 0.18300207 | J27: =I27 -> 0.18300207 | K27: =J27 -> 0.18300207 | L27: =K27 -> 0.18300207 | M27: =L27 -> 0.18300207 | N27: =M27 -> 0.18300207 | O27: =N27 -> 0.18300207
B28: Other LT liabilities amount | C28: =BS!C28 -> 397.8 | D28: =BS!D28 -> 397.8 | H28: =D28 -> 397.8 | I28: =H28 -> 397.8 | J28: =I28 -> 397.8 | K28: =J28 -> 397.8 | L28: =K28 -> 397.8 | M28: =L28 -> 397.8 | N28: =M28 -> 397.8 | O28: =N28 -> 397.8

Sheet Calc
A1: =Title -> Hologic LBO
A2: Figures in MMs | C2: Hist. | D2: Hist. | H2: Proj. | I2: Proj. | J2: Proj. | K2: Proj. | L2: Proj. | M2: Proj. | N2: Proj. | O2: Proj.
A3: {=MID(CELL("filename",A3),FIND("]",CELL("filename",A3))+1,255)} -> #VALUE! | C3: =EDATE(D3,-12) -> 45565 | D3: =target_yrend -> 45930 | E3: Accounting | F3: Financing | G3: Combo | H3: =EDATE(D3,12) -> 46295 | I3: =EDATE(H3,12) -> 46660 | J3: =EDATE(I3,12) -> 47026 | K3: =EDATE(J3,12) -> 47391 | L3: =EDATE(K3,12) -> 47756 | M3: =EDATE(L3,12) -> 48121 | N3: =EDATE(M3,12) -> 48487 | O3: =EDATE(N3,12) -> 48852
A5: Net PP&E
B6: Beginning | H6: =G10 -> 654 | I6: =H10 -> 1701.3658 | J6: =I10 -> 3069.6139 | K6: =J10 -> 2720.4587 | L6: =K10 -> 2438.6006 | M6: =L10 -> 2211.8831 | N6: =M10 -> 2031.2215 | O6: =N10 -> 1889.0866
B7: Capex | C7: 140.2 | D7: 152.4 | H7: =Input!H24*IS!H7 -> 158.54583 | I7: =Input!I24*IS!I7 -> 157.48025 | J7: =Input!J24*IS!J7 -> 172.67914 | K7: =Input!K24*IS!K7 -> 180.61988 | L7: =Input!L24*IS!L7 -> 187.84468 | M7: =Input!M24*IS!M7 -> 195.35846 | N7: =Input!N24*IS!N7 -> 203.1728 | O7: =Input!O24*IS!O7 -> 211.29971
B8: Bolt on capex | H8: =LBO!H8 -> 1000 | I8: =LBO!I8 -> 1500 | J8: =LBO!J8 -> 0 | K8: =LBO!K8 -> 0 | L8: =LBO!L8 -> 0 | M8: =LBO!M8 -> 0 | N8: =LBO!N8 -> 0 | O8: =LBO!O8 -> 0
B9: Depreciation | C9: -99.3 | D9: -108.9 | H9: =Input!H17*Calc!H6 -> -111.18 | I9: =Input!I17*Calc!I6 -> -289.23219 | J9: =Input!J17*Calc!J6 -> -521.83436 | K9: =Input!K17*Calc!K6 -> -462.47797 | L9: =Input!L17*Calc!L6 -> -414.5621 | M9: =Input!M17*Calc!M6 -> -376.02014 | N9: =Input!N17*Calc!N6 -> -345.30765 | O9: =Input!O17*Calc!O6 -> -321.14473
B10: Ending | C10: 630 | D10: 654 | G10: =BS!G11 -> 654 | H10: =SUM(H6:H9) -> 1701.3658 | I10: =SUM(I6:I9) -> 3069.6139 | J10: =SUM(J6:J9) -> 2720.4587 | K10: =SUM(K6:K9) -> 2438.6006 | L10: =SUM(L6:L9) -> 2211.8831 | M10: =SUM(M6:M9) -> 2031.2215 | N10: =SUM(N6:N9) -> 1889.0866 | O10: =SUM(O6:O9) -> 1779.2416
A12: Preference shares
B13: Beginning | H13: =G15 -> 6302.6575 | I13: =H15 -> 7058.9764 | J13: =I15 -> 7906.0536 | K13: =J15 -> 8854.78 | L13: =K15 -> 9917.3536 | M13: =L15 -> 11107.436 | N13: =M15 -> 12440.328 | O13: =N15 -> 13933.168
B14: PIK dividends | H14: =H13*LBO!$G$58 -> 756.3189 | I14: =I13*LBO!$G$58 -> 847.07717 | J14: =J13*LBO!$G$58 -> 948.72643 | K14: =K13*LBO!$G$58 -> 1062.5736 | L14: =L13*LBO!$G$58 -> 1190.0824 | M14: =M13*LBO!$G$58 -> 1332.8923 | N14: =N13*LBO!$G$58 -> 1492.8394 | O14: =O13*LBO!$G$58 -> 1671.9801
B15: Ending | G15: =LBO!C58 -> 6302.6575 | H15: =SUM(H13:H14) -> 7058.9764 | I15: =SUM(I13:I14) -> 7906.0536 | J15: =SUM(J13:J14) -> 8854.78 | K15: =SUM(K13:K14) -> 9917.3536 | L15: =SUM(L13:L14) -> 11107.436 | M15: =SUM(M13:M14) -> 12440.328 | N15: =SUM(N13:N14) -> 13933.168 | O15: =SUM(O13:O14) -> 15605.148
A17: Equity
B18: Beginning | H18: =G22 -> 3634.9479 | I18: =H22 -> 3422.3544 | J18: =I22 -> 3085.7209 | K18: =J22 -> -495.26541 | L18: =K22 -> -1236.4574 | M18: =L22 -> -2030.3482 | N18: =M22 -> -2901.9662 | O18: =N22 -> -3865.125
B19: PIK dividends | H19: =H14*-1 -> -756.3189 | I19: =I14*-1 -> -847.07717 | J19: =J14*-1 -> -948.72643 | K19: =K14*-1 -> -1062.5736 | L19: =L14*-1 -> -1190.0824 | M19: =M14*-1 -> -1332.8923 | N19: =N14*-1 -> -1492.8394 | O19: =O14*-1 -> -1671.9801
B20: Dividends | H20: =Debt!H53 -> 0 | I20: =Debt!I53 -> 0 | J20: =Debt!J53 -> -3000 | K20: =Debt!K53 -> 0 | L20: =Debt!L53 -> 0 | M20: =Debt!M53 -> 0 | N20: =Debt!N53 -> 0 | O20: =Debt!O53 -> 0
B21: Net income | H21: =IS!H18 -> 543.72545 | I21: =IS!I18 -> 510.44359 | J21: =IS!J18 -> 367.74015 | K21: =IS!K18 -> 321.38161 | L21: =IS!L18 -> 396.1916 | M21: =IS!M18 -> 461.27438 | N21: =IS!N18 -> 529.68055 | O21: =IS!O18 -> 632.83988
B22: Ending | G22: =BS!G31 -> 3634.9479 | H22: =SUM(H18:H21) -> 3422.3544 | I22: =SUM(I18:I21) -> 3085.7209 | J22: =SUM(J18:J21) -> -495.26541 | K22: =SUM(K18:K21) -> -1236.4574 | L22: =SUM(L18:L21) -> -2030.3482 | M22: =SUM(M18:M21) -> -2901.9662 | N22: =SUM(N18:N21) -> -3865.125 | O22: =SUM(O18:O21) -> -4904.2653
A24: Operating working capital
B25: =BS!B6 -> Accounts receivable | G25: =BS!G6 -> 601 | H25: =BS!H6 -> 628.045 | I25: =BS!I6 -> 699.43893 | J25: =BS!J6 -> 790.91087 | K25: =BS!K6 -> 827.28134 | L25: =BS!L6 -> 860.37259 | M25: =BS!M6 -> 894.78749 | N25: =BS!N6 -> 930.57899 | O25: =BS!O6 -> 967.80215
B26: =BS!B7 -> Inventories | G26: =BS!G7 -> 679 | H26: =BS!H7 -> 641.71378 | I26: =BS!I7 -> 696.79499 | J26: =BS!J7 -> 787.92116 | K26: =BS!K7 -> 845.2863 | L26: =BS!L7 -> 879.09775 | M26: =BS!M7 -> 914.26166 | N26: =BS!N7 -> 950.83213 | O26: =BS!O7 -> 988.86541
B27: =BS!B8 -> Other current assets | G27: =BS!G8 -> 185 | H27: =BS!H8 -> 193.325 | I27: =BS!I8 -> 215.3015 | J27: =BS!J8 -> 243.45842 | K27: =BS!K8 -> 254.65399 | L27: =BS!L8 -> 264.84015 | M27: =BS!M8 -> 275.43375 | N27: =BS!N8 -> 286.4511 | O27: =BS!O8 -> 297.90915
B28: =BS!B17 -> Accounts payable | G28: =BS!G17 -> 193.4 | H28: =BS!H17 -> 182.77974 | I28: =BS!I17 -> 198.46856 | J28: =BS!J17 -> 224.42408 | K28: =BS!K17 -> 240.76343 | L28: =BS!L17 -> 250.39397 | M28: =BS!M17 -> 260.40973 | N28: =BS!N17 -> 270.82612 | O28: =BS!O17 -> 281.65916
B29: Other current lia | G29: =BS!G18 -> 750.4 | H29: =BS!H18 -> 784.168 | I29: =BS!I18 -> 873.30944 | J29: =BS!J18 -> 987.51999 | K29: =BS!K18 -> 1032.9316 | L29: =BS!L18 -> 1074.2489 | M29: =BS!M18 -> 1117.2189 | N29: =BS!N18 -> 1161.9076 | O29: =BS!O18 -> 1208.3839
B30: OWC | G30: =SUM(G25:G27)-SUM(G28:G29) -> 521.2 | H30: =SUM(H25:H27)-SUM(H28:H29) -> 496.13604 | I30: =SUM(I25:I27)-SUM(I28:I29) -> 539.75743 | J30: =SUM(J25:J27)-SUM(J28:J29) -> 610.34637 | K30: =SUM(K25:K27)-SUM(K28:K29) -> 653.52655 | L30: =SUM(L25:L27)-SUM(L28:L29) -> 679.66762 | M30: =SUM(M25:M27)-SUM(M28:M29) -> 706.85432 | N30: =SUM(N25:N27)-SUM(N28:N29) -> 735.12849 | O30: =SUM(O25:O27)-SUM(O28:O29) -> 764.53363
A32: Fees amortisation | H32: 1 | I32: =H32+1 -> 2 | J32: =I32+1 -> 3 | K32: =J32+1 -> 4 | L32: =K32+1 -> 5 | M32: =L32+1 -> 6 | N32: =M32+1 -> 7 | O32: =N32+1 -> 8
B33: Opening | H33: =G37 -> 185 | I33: =H37 -> 160.71429 | J33: =I37 -> 136.42857 | K33: =J37 -> 112.14286 | L33: =K37 -> 87.857143 | M33: =L37 -> 63.571429 | N33: =M37 -> 39.285714 | O33: =N37 -> 15
B34: Term loan B | H34: =IF(H$32>LBO!$I55,0,LBO!$K55)*-1 -> -14.285714 | I34: =IF(I$32>LBO!$I55,0,LBO!$K55)*-1 -> -14.285714 | J34: =IF(J$32>LBO!$I55,0,LBO!$K55)*-1 -> -14.285714 | K34: =IF(K$32>LBO!$I55,0,LBO!$K55)*-1 -> -14.285714 | L34: =IF(L$32>LBO!$I55,0,LBO!$K55)*-1 -> -14.285714 | M34: =IF(M$32>LBO!$I55,0,LBO!$K55)*-1 -> -14.285714 | N34: =IF(N$32>LBO!$I55,0,LBO!$K55)*-1 -> -14.285714 | O34: =IF(O$32>LBO!$I55,0,LBO!$K55)*-1 -> 0
B35: Subordinated debt | H35: =IF(H$32>LBO!$I56,0,LBO!$K56)*-1 -> -5 | I35: =IF(I$32>LBO!$I56,0,LBO!$K56)*-1 -> -5 | J35: =IF(J$32>LBO!$I56,0,LBO!$K56)*-1 -> -5 | K35: =IF(K$32>LBO!$I56,0,LBO!$K56)*-1 -> -5 | L35: =IF(L$32>LBO!$I56,0,LBO!$K56)*-1 -> -5 | M35: =IF(M$32>LBO!$I56,0,LBO!$K56)*-1 -> -5 | N35: =IF(N$32>LBO!$I56,0,LBO!$K56)*-1 -> -5 | O35: =IF(O$32>LBO!$I56,0,LBO!$K56)*-1 -> -5
B36: Mezzanine | H36: =IF(H$32>LBO!$I57,0,LBO!$K57)*-1 -> -5 | I36: =IF(I$32>LBO!$I57,0,LBO!$K57)*-1 -> -5 | J36: =IF(J$32>LBO!$I57,0,LBO!$K57)*-1 -> -5 | K36: =IF(K$32>LBO!$I57,0,LBO!$K57)*-1 -> -5 | L36: =IF(L$32>LBO!$I57,0,LBO!$K57)*-1 -> -5 | M36: =IF(M$32>LBO!$I57,0,LBO!$K57)*-1 -> -5 | N36: =IF(N$32>LBO!$I57,0,LBO!$K57)*-1 -> -5 | O36: =IF(O$32>LBO!$I57,0,LBO!$K57)*-1 -> -5
B37: Closing | G37: =LBO!C45 -> 185 | H37: =SUM(H33:H36) -> 160.71429 | I37: =SUM(I33:I36) -> 136.42857 | J37: =SUM(J33:J36) -> 112.14286 | K37: =SUM(K33:K36) -> 87.857143 | L37: =SUM(L33:L36) -> 63.571429 | M37: =SUM(M33:M36) -> 39.285714 | N37: =SUM(N33:N36) -> 15 | O37: =SUM(O33:O36) -> 5

Sheet IS
A1: =Title -> Hologic LBO
A2: Figures in MMs | C2: Hist. | D2: Hist. | H2: Proj. | I2: Proj. | J2: Proj. | K2: Proj. | L2: Proj. | M2: Proj. | N2: Proj. | O2: Proj.
A3: {=MID(CELL("filename",A3),FIND("]",CELL("filename",A3))+1,255)} -> #VALUE! | C3: =EDATE(D3,-12) -> 45565 | D3: =target_yrend -> 45930 | E3: Accounting | F3: Financing | G3: Combo | H3: =EDATE(D3,12) -> 46295 | I3: =EDATE(H3,12) -> 46660 | J3: =EDATE(I3,12) -> 47026 | K3: =EDATE(J3,12) -> 47391 | L3: =EDATE(K3,12) -> 47756 | M3: =EDATE(L3,12) -> 48121 | N3: =EDATE(M3,12) -> 48487 | O3: =EDATE(N3,12) -> 48852
B5: Net sales | C5: 4030.3 | D5: 4100.5 | H5: =(1+Input!H10)*D5 -> 4285.0225 | I5: =(1+Input!I10)*H5 -> 4512.1287 | J5: =(1+Input!J10)*I5 -> 4733.223 | K5: =(1+Input!K10)*J5 -> 4950.9513 | L5: =(1+Input!L10)*K5 -> 5148.9893 | M5: =(1+Input!M10)*L5 -> 5354.9489 | N5: =(1+Input!N10)*M5 -> 5569.1468 | O5: =(1+Input!O10)*N5 -> 5791.9127
B6: Bolt on sales | H6: =LBO!H18 -> 0 | I6: =LBO!I18 -> 260 | J6: =LBO!J18 -> 663 | K6: =LBO!K18 -> 693.42 | L6: =LBO!L18 -> 721.1568 | M6: =LBO!M18 -> 750.00307 | N6: =LBO!N18 -> 780.00319 | O6: =LBO!O18 -> 811.20332
B7: Net sales | C7: 4030.3 | D7: 4100.5 | H7: =SUM(H5:H6) -> 4285.0225 | I7: =SUM(I5:I6) -> 4772.1287 | J7: =SUM(J5:J6) -> 5396.223 | K7: =SUM(K5:K6) -> 5644.3713 | L7: =SUM(L5:L6) -> 5870.1461 | M7: =SUM(M5:M6) -> 6104.952 | N7: =SUM(N5:N6) -> 6349.15 | O7: =SUM(O5:O6) -> 6603.116
B8: Bolt on costs | H8: =LBO!H22*-1 -> 0 | I8: =LBO!I22*-1 -> -182 | J8: =LBO!J22*-1 -> -450.45 | K8: =LBO!K22*-1 -> -436.527 | L8: =LBO!L22*-1 -> -432.69408 | M8: =LBO!M22*-1 -> -450.00184 | N8: =LBO!N22*-1 -> -468.00192 | O8: =LBO!O22*-1 -> -486.72199
B9: COS | C9: -1792.5 | D9: -1813.6 | H9: =H7*Input!H11 -> -1714.009 | I9: =I7*Input!I11 -> -1861.1302 | J9: =J7*Input!J11 -> -2104.527 | K9: =K7*Input!K11 -> -2257.7485 | L9: =L7*Input!L11 -> -2348.0584 | M9: =M7*Input!M11 -> -2441.9808 | N9: =N7*Input!N11 -> -2539.66 | O9: =O7*Input!O11 -> -2641.2464
B10: Gross profit | C10: =SUM(C7:C9) -> 2237.8 | D10: =SUM(D7:D9) -> 2286.9 | H10: =SUM(H7:H9) -> 2571.0135 | I10: =SUM(I7:I9) -> 2728.9985 | J10: =SUM(J7:J9) -> 2841.246 | K10: =SUM(K7:K9) -> 2950.0958 | L10: =SUM(L7:L9) -> 3089.3936 | M10: =SUM(M7:M9) -> 3212.9693 | N10: =SUM(N7:N9) -> 3341.4881 | O10: =SUM(O7:O9) -> 3475.1476
B11: SG&A | C11: -1267.6 | D11: -1318.1 | H11: =H7*Input!H12 -> -1264.0816 | I11: =I7*Input!I12 -> -1431.6386 | J11: =J7*Input!J12 -> -1618.8669 | K11: =K7*Input!K12 -> -1693.3114 | L11: =L7*Input!L12 -> -1761.0438 | M11: =M7*Input!M12 -> -1831.4856 | N11: =N7*Input!N12 -> -1904.745 | O11: =O7*Input!O12 -> -1980.9348
B12: Non-recurring expenses | C12: -107.7 | D12: -247.2 | H12: =Input!H13 -> 0 | I12: =Input!I13 -> 0 | J12: =Input!J13 -> 0 | K12: =Input!K13 -> 0 | L12: =Input!L13 -> 0 | M12: =Input!M13 -> 0 | N12: =Input!N13 -> 0 | O12: =Input!O13 -> 0
B13: Margin improvements | H13: =Input!H16*IS!$D$7 -> 82.01 | I13: =Input!I16*IS!$D$7 -> 102.5125 | J13: =Input!J16*IS!$D$7 -> 123.015 | K13: =Input!K16*IS!$D$7 -> 123.015 | L13: =Input!L16*IS!$D$7 -> 123.015 | M13: =Input!M16*IS!$D$7 -> 123.015 | N13: =Input!N16*IS!$D$7 -> 123.015 | O13: =Input!O16*IS!$D$7 -> 123.015
B14: Operating profit | C14: =SUM(C10:C13) -> 862.5 | D14: =SUM(D10:D13) -> 721.6 | H14: =SUM(H10:H13) -> 1388.9419 | I14: =SUM(I10:I13) -> 1399.8724 | J14: =SUM(J10:J13) -> 1345.3941 | K14: =SUM(K10:K13) -> 1379.7994 | L14: =SUM(L10:L13) -> 1451.3648 | M14: =SUM(M10:M13) -> 1504.4987 | N14: =SUM(N10:N13) -> 1559.7581 | O14: =SUM(O10:O13) -> 1617.2278
B15: Interest expense | C15: =-122.1+124.7 -> 2.6 | D15: =-117.1+76.7 -> -40.4 | H15: =IF(switch=1, Debt!H74,0) -> -717.67587 | I15: =IF(switch=1, Debt!I74,0) -> -769.69512 | J15: =IF(switch=1, Debt!J74,0) -> -896.93053 | K15: =IF(switch=1, Debt!K74,0) -> -983.03195 | L15: =IF(switch=1, Debt!L74,0) -> -962.23933 | M15: =IF(switch=1, Debt!M74,0) -> -935.0242 | N15: =IF(switch=1, Debt!N74,0) -> -905.83148 | O15: =IF(switch=1, Debt!O74,0) -> -835.94401
B16: Income before tax | C16: =SUM(C14:C15) -> 865.1 | D16: =SUM(D14:D15) -> 681.2 | H16: =SUM(H14:H15) -> 671.26599 | I16: =SUM(I14:I15) -> 630.17727 | J16: =SUM(J14:J15) -> 448.4636 | K16: =SUM(K14:K15) -> 396.76742 | L16: =SUM(L14:L15) -> 489.12543 | M16: =SUM(M14:M15) -> 569.47455 | N16: =SUM(N14:N15) -> 653.92661 | O16: =SUM(O14:O15) -> 781.28381
B17: Provision for income taxes | C17: -75.6 | D17: -115.5 | H17: =Input!H18*IS!H16 -> -127.54054 | I17: =Input!I18*IS!I16 -> -119.73368 | J17: =Input!J18*IS!J16 -> -80.723447 | K17: =Input!K18*IS!K16 -> -75.38581 | L17: =Input!L18*IS!L16 -> -92.933831 | M17: =Input!M18*IS!M16 -> -108.20016 | N17: =Input!N18*IS!N16 -> -124.24606 | O17: =Input!O18*IS!O16 -> -148.44392
B18: Net income | C18: =C16+C17 -> 789.5 | D18: =D16+D17 -> 565.7 | H18: =H16+H17 -> 543.72545 | I18: =I16+I17 -> 510.44359 | J18: =J16+J17 -> 367.74015 | K18: =K16+K17 -> 321.38161 | L18: =L16+L17 -> 396.1916 | M18: =M16+M17 -> 461.27438 | N18: =N16+N17 -> 529.68055 | O18: =O16+O17 -> 632.83988
B20: Operating profits | C20: =C14 -> 862.5 | D20: =D14 -> 721.6 | H20: =H14 -> 1388.9419 | I20: =I14 -> 1399.8724 | J20: =J14 -> 1345.3941 | K20: =K14 -> 1379.7994 | L20: =L14 -> 1451.3648 | M20: =M14 -> 1504.4987 | N20: =N14 -> 1559.7581 | O20: =O14 -> 1617.2278
B21: Non-recurring expenses | C21: =C12*-1 -> 107.7 | D21: =D12*-1 -> 247.2 | H21: =H12*-1 -> 0 | I21: =I12*-1 -> 0 | J21: =J12*-1 -> 0 | K21: =K12*-1 -> 0 | L21: =L12*-1 -> 0 | M21: =M12*-1 -> 0 | N21: =N12*-1 -> 0 | O21: =O12*-1 -> 0
B22: Depn | C22: =Calc!C9*-1 -> 99.3 | D22: =Calc!D9*-1 -> 108.9 | H22: =Calc!H9*-1 -> 111.18 | I22: =Calc!I9*-1 -> 289.23219 | J22: =Calc!J9*-1 -> 521.83436 | K22: =Calc!K9*-1 -> 462.47797 | L22: =Calc!L9*-1 -> 414.5621 | M22: =Calc!M9*-1 -> 376.02014 | N22: =Calc!N9*-1 -> 345.30765 | O22: =Calc!O9*-1 -> 321.14473
B23: EBITDA | C23: =SUM(C20:C22) -> 1069.5 | D23: =SUM(D20:D22) -> 1077.7 | H23: =SUM(H20:H22) -> 1500.1219 | I23: =SUM(I20:I22) -> 1689.1046 | J23: =SUM(J20:J22) -> 1867.2285 | K23: =SUM(K20:K22) -> 1842.2773 | L23: =SUM(L20:L22) -> 1865.9268 | M23: =SUM(M20:M22) -> 1880.5189 | N23: =SUM(N20:N22) -> 1905.0657 | O23: =SUM(O20:O22) -> 1938.3725

Sheet BS
A1: =Title -> Hologic LBO
A2: Figures in MMs | C2: Hist. | D2: Hist. | H2: Proj. | I2: Proj. | J2: Proj. | K2: Proj. | L2: Proj. | M2: Proj. | N2: Proj. | O2: Proj.
A3: {=MID(CELL("filename",A3),FIND("]",CELL("filename",A3))+1,255)} -> #VALUE! | C3: =EDATE(D3,-12) -> 45565 | D3: =target_yrend -> 45930 | E3: Accounting | F3: Financing | G3: Combo | H3: =EDATE(D3,12) -> 46295 | I3: =EDATE(H3,12) -> 46660 | J3: =EDATE(I3,12) -> 47026 | K3: =EDATE(J3,12) -> 47391 | L3: =EDATE(K3,12) -> 47756 | M3: =EDATE(L3,12) -> 48121 | N3: =EDATE(M3,12) -> 48487 | O3: =EDATE(N3,12) -> 48852
B5: Cash | C5: 2334 | D5: 2203 | F5: =-D5 -> -2203 | G5: =SUM(D5:F5) -> 0 | H5: =CFS!H27 -> 0 | I5: =CFS!I27 -> 0 | J5: =CFS!J27 -> 0 | K5: =CFS!K27 -> 195.94639 | L5: =CFS!L27 -> 275.05839 | M5: =CFS!M27 -> 307.82874 | N5: =CFS!N27 -> 332.73594 | O5: =CFS!O27 -> 0
B6: Accounts receivable | C6: 600 | D6: 601 | G6: =SUM(D6:F6) -> 601 | H6: =Input!H22/365*IS!H7 -> 628.045 | I6: =Input!I22/365*IS!I7 -> 699.43893 | J6: =Input!J22/365*IS!J7 -> 790.91087 | K6: =Input!K22/365*IS!K7 -> 827.28134 | L6: =Input!L22/365*IS!L7 -> 860.37259 | M6: =Input!M22/365*IS!M7 -> 894.78749 | N6: =Input!N22/365*IS!N7 -> 930.57899 | O6: =Input!O22/365*IS!O7 -> 967.80215
B7: Inventories | C7: 680 | D7: 679 | G7: =SUM(D7:F7) -> 679 | H7: =Input!H21/365*IS!H9 -> 641.71378 | I7: =Input!I21/365*IS!I9 -> 696.79499 | J7: =Input!J21/365*IS!J9 -> 787.92116 | K7: =Input!K21/365*IS!K9 -> 845.2863 | L7: =Input!L21/365*IS!L9 -> 879.09775 | M7: =Input!M21/365*IS!M9 -> 914.26166 | N7: =Input!N21/365*IS!N9 -> 950.83213 | O7: =Input!O21/365*IS!O9 -> 988.86541
B8: Other current assets | C8: 210 | D8: 185 | G8: =SUM(D8:F8) -> 185 | H8: =Input!H23*IS!H7 -> 193.325 | I8: =Input!I23*IS!I7 -> 215.3015 | J8: =Input!J23*IS!J7 -> 243.45842 | K8: =Input!K23*IS!K7 -> 254.65399 | L8: =Input!L23*IS!L7 -> 264.84015 | M8: =Input!M23*IS!M7 -> 275.43375 | N8: =Input!N23*IS!N7 -> 286.4511 | O8: =Input!O23*IS!O7 -> 297.90915
B9: Total current assets | C9: =SUM(C5:C8) -> 3824 | D9: =SUM(D5:D8) -> 3668 | G9: =SUM(G5:G8) -> 1465 | H9: =SUM(H5:H8) -> 1463.0838 | I9: =SUM(I5:I8) -> 1611.5354 | J9: =SUM(J5:J8) -> 1822.2904 | K9: =SUM(K5:K8) -> 2123.168 | L9: =SUM(L5:L8) -> 2279.3689 | M9: =SUM(M5:M8) -> 2392.3117 | N9: =SUM(N5:N8) -> 2500.5982 | O9: =SUM(O5:O8) -> 2254.5767
B11: PP&E | C11: 630 | D11: 654 | G11: =SUM(D11:F11) -> 654 | H11: =Calc!H10 -> 1701.3658 | I11: =Calc!I10 -> 3069.6139 | J11: =Calc!J10 -> 2720.4587 | K11: =Calc!K10 -> 2438.6006 | L11: =Calc!L10 -> 2211.8831 | M11: =Calc!M10 -> 2031.2215 | N11: =Calc!N10 -> 1889.0866 | O11: =Calc!O10 -> 1779.2416
B12: Other LT assets | C12: =129+136+845+151 -> 1261 | D12: =240+145+589+79 -> 1053 | G12: =SUM(D12:F12) -> 1053 | H12: =Input!H25 -> 1053 | I12: =Input!I25 -> 1053 | J12: =Input!J25 -> 1053 | K12: =Input!K25 -> 1053 | L12: =Input!L25 -> 1053 | M12: =Input!M25 -> 1053 | N12: =Input!N25 -> 1053 | O12: =Input!O25 -> 1053
B13: Goodwill | C13: 3443 | D13: 3641 | E13: =-D13+LBO!D72 -> 12781.205 | G13: =SUM(D13:F13) -> 16422.205 | H13: =G13 -> 16422.205 | I13: =H13 -> 16422.205 | J13: =I13 -> 16422.205 | K13: =J13 -> 16422.205 | L13: =K13 -> 16422.205 | M13: =L13 -> 16422.205 | N13: =M13 -> 16422.205 | O13: =N13 -> 16422.205
B14: Total assets | C14: =SUM(C9,C11:C13) -> 9158 | D14: =SUM(D9,D11:D13) -> 9016 | G14: =SUM(G9,G11:G13) -> 19594.205 | H14: =SUM(H9,H11:H13) -> 20639.655 | I14: =SUM(I9,I11:I13) -> 22156.355 | J14: =SUM(J9,J11:J13) -> 22017.955 | K14: =SUM(K9,K11:K13) -> 22036.974 | L14: =SUM(L9,L11:L13) -> 21966.457 | M14: =SUM(M9,M11:M13) -> 21898.739 | N14: =SUM(N9,N11:N13) -> 21864.89 | O14: =SUM(O9,O11:O13) -> 21509.024
B16: Revolver | C16: 64.8 | D16: 33.4 | F16: =-D16+LBO!C54 -> -33.4 | G16: =SUM(D16:F16) -> 0 | H16: =Debt!H23 -> 274.2907 | I16: =Debt!I23 -> 949.83084 | J16: =Debt!J23 -> 53.446698 | K16: =Debt!K23 -> 0 | L16: =Debt!L23 -> 0 | M16: =Debt!M23 -> 0 | N16: =Debt!N23 -> 0 | O16: =Debt!O23 -> 546.06165
B17: Accounts payable | C17: 203.8 | D17: 193.4 | G17: =SUM(D17:F17) -> 193.4 | H17: =Input!H26/365*IS!H9 -> 182.77974 | I17: =Input!I26/365*IS!I9 -> 198.46856 | J17: =Input!J26/365*IS!J9 -> 224.42408 | K17: =Input!K26/365*IS!K9 -> 240.76343 | L17: =Input!L26/365*IS!L9 -> 250.39397 | M17: =Input!M26/365*IS!M9 -> 260.40973 | N17: =Input!N26/365*IS!N9 -> 270.82612 | O17: =Input!O26/365*IS!O9 -> 281.65916
B18: Other current liabilities | C18: =69.4+699.2 -> 768.6 | D18: =72.8+677.6 -> 750.4 | G18: =SUM(D18:F18) -> 750.4 | H18: =Input!H27*IS!H7 -> 784.168 | I18: =Input!I27*IS!I7 -> 873.30944 | J18: =Input!J27*IS!J7 -> 987.51999 | K18: =Input!K27*IS!K7 -> 1032.9316 | L18: =Input!L27*IS!L7 -> 1074.2489 | M18: =Input!M27*IS!M7 -> 1117.2189 | N18: =Input!N27*IS!N7 -> 1161.9076 | O18: =Input!O27*IS!O7 -> 1208.3839
B19: Total current liabilities | C19: =SUM(C16:C18) -> 1037.2 | D19: =SUM(D16:D18) -> 977.2 | G19: =SUM(G16:G18) -> 943.8 | H19: =SUM(H16:H18) -> 1241.2384 | I19: =SUM(I16:I18) -> 2021.6088 | J19: =SUM(J16:J18) -> 1265.3908 | K19: =SUM(K16:K18) -> 1273.6951 | L19: =SUM(L16:L18) -> 1324.6429 | M19: =SUM(M16:M18) -> 1377.6286 | N19: =SUM(N16:N18) -> 1432.7337 | O19: =SUM(O16:O18) -> 2036.1047
B21: Debt | C21: 2593 | D21: 2593 | F21: =-D21 -> -2593 | G21: =SUM(D21:F21) -> 0 | H21: =G21 -> 0 | I21: =H21 -> 0 | J21: =I21 -> 0 | K21: =J21 -> 0 | L21: =K21 -> 0 | M21: =L21 -> 0 | N21: =M21 -> 0 | O21: =N21 -> 0
B22: Fees | F22: =LBO!J60*-1 -> -185 | G22: =SUM(D22:F22) -> -185 | H22: =Calc!H37*-1 -> -160.71429 | I22: =Calc!I37*-1 -> -136.42857 | J22: =Calc!J37*-1 -> -112.14286 | K22: =Calc!K37*-1 -> -87.857143 | L22: =Calc!L37*-1 -> -63.571429 | M22: =Calc!M37*-1 -> -39.285714 | N22: =Calc!N37*-1 -> -15 | O22: =Calc!O37*-1 -> -5
B23: =LBO!B55 -> Term loan B | F23: =LBO!C55 -> 5000 | G23: =SUM(D23:F23) -> 5000 | H23: =Debt!H43 -> 5000 | I23: =Debt!I43 -> 5000 | J23: =Debt!J43 -> 0 | K23: =Debt!K43 -> 0 | L23: =Debt!L43 -> 0 | M23: =Debt!M43 -> 0 | N23: =Debt!N43 -> 0 | O23: =Debt!O43 -> 0
B24: Refi TLB | H24: =Debt!H50 -> 0 | I24: =Debt!I50 -> 0 | J24: =Debt!J50 -> 8000 | K24: =Debt!K50 -> 7412.1608 | L24: =Debt!L50 -> 6586.9857 | M24: =Debt!M50 -> 5663.4994 | N24: =Debt!N50 -> 4665.2916 | O24: =Debt!O50 -> 4665.2916
B25: =LBO!B56 -> Subordinated debt | F25: =LBO!C56 -> 2000 | G25: =SUM(D25:F25) -> 2000 | H25: =Debt!H61 -> 2000 | I25: =Debt!I61 -> 2000 | J25: =Debt!J61 -> 2000 | K25: =Debt!K61 -> 2000 | L25: =Debt!L61 -> 2000 | M25: =Debt!M61 -> 2000 | N25: =Debt!N61 -> 2000 | O25: =Debt!O61 -> 0
B26: Mezzanine | F26: =LBO!C57 -> 1500 | G26: =SUM(D26:F26) -> 1500 | H26: =Debt!H71 -> 1680 | I26: =Debt!I71 -> 1881.6 | J26: =Debt!J71 -> 2107.392 | K26: =Debt!K71 -> 2360.279 | L26: =Debt!L71 -> 2643.5125 | M26: =Debt!M71 -> 2960.734 | N26: =Debt!N71 -> 3316.0221 | O26: =Debt!O71 -> 3713.9448
B27: Preference shares | F27: =LBO!C58 -> 6302.6575 | G27: =SUM(D27:F27) -> 6302.6575 | H27: =Calc!H15 -> 7058.9764 | I27: =Calc!I15 -> 7906.0536 | J27: =Calc!J15 -> 8854.78 | K27: =Calc!K15 -> 9917.3536 | L27: =Calc!L15 -> 11107.436 | M27: =Calc!M15 -> 12440.328 | N27: =Calc!N15 -> 13933.168 | O27: =Calc!O15 -> 15605.148
B28: Other LT liabilities | C28: =59+24+312+2.8 -> 397.8 | D28: =43+23+330+1.8 -> 397.8 | G28: =SUM(D28:F28) -> 397.8 | H28: =Input!H28 -> 397.8 | I28: =Input!I28 -> 397.8 | J28: =Input!J28 -> 397.8 | K28: =Input!K28 -> 397.8 | L28: =Input!L28 -> 397.8 | M28: =Input!M28 -> 397.8 | N28: =Input!N28 -> 397.8 | O28: =Input!O28 -> 397.8
B29: Total liabilities | C29: =SUM(C19,C21:C28) -> 4028 | D29: =SUM(D19,D21:D28) -> 3968 | G29: =SUM(G19,G21:G28) -> 15959.258 | H29: =SUM(H19,H21:H28) -> 17217.301 | I29: =SUM(I19,I21:I28) -> 19070.634 | J29: =SUM(J19,J21:J28) -> 22513.22 | K29: =SUM(K19,K21:K28) -> 23273.431 | L29: =SUM(L19,L21:L28) -> 23996.806 | M29: =SUM(M19,M21:M28) -> 24800.705 | N29: =SUM(N19,N21:N28) -> 25730.015 | O29: =SUM(O19,O21:O28) -> 26413.289
B31: Equity | C31: 5130 | D31: 5048 | E31: =-D31-LBO!C46 -> -5413.0521 | F31: =LBO!C59 -> 4000 | G31: =SUM(D31:F31) -> 3634.9479 | H31: =Calc!H22 -> 3422.3544 | I31: =Calc!I22 -> 3085.7209 | J31: =Calc!J22 -> -495.26541 | K31: =Calc!K22 -> -1236.4574 | L31: =Calc!L22 -> -2030.3482 | M31: =Calc!M22 -> -2901.9662 | N31: =Calc!N22 -> -3865.125 | O31: =Calc!O22 -> -4904.2653
B32: Total liabilities and equity | C32: =SUM(C29,C31) -> 9158 | D32: =SUM(D29,D31) -> 9016 | G32: =G29+G31 -> 19594.205 | H32: =H29+H31 -> 20639.655 | I32: =I29+I31 -> 22156.355 | J32: =J29+J31 -> 22017.955 | K32: =K29+K31 -> 22036.974 | L32: =L29+L31 -> 21966.457 | M32: =M29+M31 -> 21898.739 | N32: =N29+N31 -> 21864.89 | O32: =O29+O31 -> 21509.024
B34: Balance? | C34: =IF(C32=C14,"OK",C14-C32) -> OK | D34: =IF(D32=D14,"OK",D14-D32) -> OK | G34: =IF(G32=G14,"OK",G14-G32) -> OK | H34: =IF(H32=H14,"OK",H14-H32) -> OK | I34: =IF(I32=I14,"OK",I14-I32) -> OK | J34: =IF(J32=J14,"OK",J14-J32) -> OK | K34: =IF(K32=K14,"OK",K14-K32) -> OK | L34: =IF(L32=L14,"OK",L14-L32) -> OK | M34: =IF(M32=M14,"OK",M14-M32) -> OK | N34: =IF(N32=N14,"OK",N14-N32) -> OK | O34: =IF(O32=O14,"OK",O14-O32) -> OK

Sheet CFS
A1: =Title -> Hologic LBO
A2: Figures in MMs | C2: Hist. | D2: Hist. | H2: Proj. | I2: Proj. | J2: Proj. | K2: Proj. | L2: Proj. | M2: Proj. | N2: Proj. | O2: Proj.
A3: {=MID(CELL("filename",A3),FIND("]",CELL("filename",A3))+1,255)} -> #VALUE! | C3: =EDATE(D3,-12) -> 45565 | D3: =target_yrend -> 45930 | E3: Accounting | F3: Financing | G3: Combo | H3: =EDATE(D3,12) -> 46295 | I3: =EDATE(H3,12) -> 46660 | J3: =EDATE(I3,12) -> 47026 | K3: =EDATE(J3,12) -> 47391 | L3: =EDATE(K3,12) -> 47756 | M3: =EDATE(L3,12) -> 48121 | N3: =EDATE(M3,12) -> 48487 | O3: =EDATE(N3,12) -> 48852
B5: EBITDA post margin improvements | H5: =IS!H23 -> 1500.1219 | I5: =IS!I23 -> 1689.1046 | J5: =IS!J23 -> 1867.2285 | K5: =IS!K23 -> 1842.2773 | L5: =IS!L23 -> 1865.9268 | M5: =IS!M23 -> 1880.5189 | N5: =IS!N23 -> 1905.0657 | O5: =IS!O23 -> 1938.3725
B6: Cash interest | H6: =Debt!H75 -> -513.39016 | I6: =Debt!I75 -> -543.80941 | J6: =Debt!J75 -> -646.85282 | K6: =Debt!K75 -> -705.8592 | L6: =Debt!L75 -> -654.72013 | M6: =Debt!M75 -> -593.51698 | N6: =Debt!N75 -> -526.25769 | O6: =Debt!O75 -> -428.02135
B7: Tax expense | H7: =IS!H17 -> -127.54054 | I7: =IS!I17 -> -119.73368 | J7: =IS!J17 -> -80.723447 | K7: =IS!K17 -> -75.38581 | L7: =IS!L17 -> -92.933831 | M7: =IS!M17 -> -108.20016 | N7: =IS!N17 -> -124.24606 | O7: =IS!O17 -> -148.44392
B8: (Inc) dec in other LT assets | H8: =BS!G12-BS!H12 -> 0 | I8: =BS!H12-BS!I12 -> 0 | J8: =BS!I12-BS!J12 -> 0 | K8: =BS!J12-BS!K12 -> 0 | L8: =BS!K12-BS!L12 -> 0 | M8: =BS!L12-BS!M12 -> 0 | N8: =BS!M12-BS!N12 -> 0 | O8: =BS!N12-BS!O12 -> 0
B9: Inc (dec) in other LT liabilities | H9: =BS!H28-BS!G28 -> 0 | I9: =BS!I28-BS!H28 -> 0 | J9: =BS!J28-BS!I28 -> 0 | K9: =BS!K28-BS!J28 -> 0 | L9: =BS!L28-BS!K28 -> 0 | M9: =BS!M28-BS!L28 -> 0 | N9: =BS!N28-BS!M28 -> 0 | O9: =BS!O28-BS!N28 -> 0
B10: (Inc) dec in OWC | H10: =Calc!G30-Calc!H30 -> 25.063963 | I10: =Calc!H30-Calc!I30 -> -43.621388 | J10: =Calc!I30-Calc!J30 -> -70.588946 | K10: =Calc!J30-Calc!K30 -> -43.180183 | L10: =Calc!K30-Calc!L30 -> -26.141062 | M10: =Calc!L30-Calc!M30 -> -27.186705 | N10: =Calc!M30-Calc!N30 -> -28.274173 | O10: =Calc!N30-Calc!O30 -> -29.40514
B11: Cash flow from operations | H11: =SUM(H5:H10) -> 884.25513 | I11: =SUM(I5:I10) -> 981.94011 | J11: =SUM(J5:J10) -> 1069.0633 | K11: =SUM(K5:K10) -> 1017.8522 | L11: =SUM(L5:L10) -> 1092.1318 | M11: =SUM(M5:M10) -> 1151.615 | N11: =SUM(N5:N10) -> 1226.2878 | O11: =SUM(O5:O10) -> 1332.5021
B13: (Capex) | H13: =-Calc!H7 -> -158.54583 | I13: =-Calc!I7 -> -157.48025 | J13: =-Calc!J7 -> -172.67914 | K13: =-Calc!K7 -> -180.61988 | L13: =-Calc!L7 -> -187.84468 | M13: =-Calc!M7 -> -195.35846 | N13: =-Calc!N7 -> -203.1728 | O13: =-Calc!O7 -> -211.29971
B14: Bolt on capex | H14: =LBO!H8*-1 -> -1000 | I14: =LBO!I8*-1 -> -1500 | J14: =LBO!J8*-1 -> 0 | K14: =LBO!K8*-1 -> 0 | L14: =LBO!L8*-1 -> 0 | M14: =LBO!M8*-1 -> 0 | N14: =LBO!N8*-1 -> 0 | O14: =LBO!O8*-1 -> 0
B15: Cash flow from investing activities | H15: =SUM(H13:H14) -> -1158.5458 | I15: =SUM(I13:I14) -> -1657.4802 | J15: =SUM(J13:J14) -> -172.67914 | K15: =SUM(K13:K14) -> -180.61988 | L15: =SUM(L13:L14) -> -187.84468 | M15: =SUM(M13:M14) -> -195.35846 | N15: =SUM(N13:N14) -> -203.1728 | O15: =SUM(O13:O14) -> -211.29971
B17: Inc (dec) in revolver | H17: =BS!H16-BS!G16 -> 274.2907 | I17: =BS!I16-BS!H16 -> 675.54014 | J17: =BS!J16-BS!I16 -> -896.38414 | K17: =BS!K16-BS!J16 -> -53.446698 | L17: =BS!L16-BS!K16 -> 0 | M17: =BS!M16-BS!L16 -> 0 | N17: =BS!N16-BS!M16 -> 0 | O17: =BS!O16-BS!N16 -> 546.06165
B18: Inc (dec) in LT debt | H18: =BS!H21-BS!G21 -> 0 | I18: =BS!I21-BS!H21 -> 0 | J18: =BS!J21-BS!I21 -> 0 | K18: =BS!K21-BS!J21 -> 0 | L18: =BS!L21-BS!K21 -> 0 | M18: =BS!M21-BS!L21 -> 0 | N18: =BS!N21-BS!M21 -> 0 | O18: =BS!O21-BS!N21 -> 0
B19: ="Inc (dec) in "&BS!B23 -> Inc (dec) in Term loan B | H19: =BS!H23-BS!G23 -> 0 | I19: =BS!I23-BS!H23 -> 0 | J19: =BS!J23-BS!I23 -> -5000 | K19: =BS!K23-BS!J23 -> 0 | L19: =BS!L23-BS!K23 -> 0 | M19: =BS!M23-BS!L23 -> 0 | N19: =BS!N23-BS!M23 -> 0 | O19: =BS!O23-BS!N23 -> 0
B20: Inc (dec) in refi TLB | H20: =Debt!H50-Debt!G50 -> 0 | I20: =Debt!I50-Debt!H50 -> 0 | J20: =Debt!J50-Debt!I50 -> 8000 | K20: =Debt!K50-Debt!J50 -> -587.83918 | L20: =Debt!L50-Debt!K50 -> -825.17516 | M20: =Debt!M50-Debt!L50 -> -923.48622 | N20: =Debt!N50-Debt!M50 -> -998.20782 | O20: =Debt!O50-Debt!N50 -> 0
B21: Dividend | H21: =Debt!H53 -> 0 | I21: =Debt!I53 -> 0 | J21: =Debt!J53 -> -3000 | K21: =Debt!K53 -> 0 | L21: =Debt!L53 -> 0 | M21: =Debt!M53 -> 0 | N21: =Debt!N53 -> 0 | O21: =Debt!O53 -> 0
B22: ="Inc (dec) in "&BS!B25 -> Inc (dec) in Subordinated debt | H22: =BS!H25-BS!G25 -> 0 | I22: =BS!I25-BS!H25 -> 0 | J22: =BS!J25-BS!I25 -> 0 | K22: =BS!K25-BS!J25 -> 0 | L22: =BS!L25-BS!K25 -> 0 | M22: =BS!M25-BS!L25 -> 0 | N22: =BS!N25-BS!M25 -> 0 | O22: =BS!O25-BS!N25 -> -2000
B23: Cash flow from financing activities | H23: =SUM(H17:H22) -> 274.2907 | I23: =SUM(I17:I22) -> 675.54014 | J23: =SUM(J17:J22) -> -896.38414 | K23: =SUM(K17:K22) -> -641.28588 | L23: =SUM(L17:L22) -> -825.17516 | M23: =SUM(M17:M22) -> -923.48622 | N23: =SUM(N17:N22) -> -998.20782 | O23: =SUM(O17:O22) -> -1453.9384
B25: Beginning cash | H25: =G27 -> 0 | I25: =H27 -> 0 | J25: =I27 -> 0 | K25: =J27 -> 0 | L25: =K27 -> 195.94639 | M25: =L27 -> 275.05839 | N25: =M27 -> 307.82874 | O25: =N27 -> 332.73594
B26: Net cash flow | H26: =H11+H15+H23 -> 0 | I26: =I11+I15+I23 -> 0 | J26: =J11+J15+J23 -> 0 | K26: =K11+K15+K23 -> 195.94639 | L26: =L11+L15+L23 -> 79.111992 | M26: =M11+M15+M23 -> 32.770352 | N26: =N11+N15+N23 -> 24.907203 | O26: =O11+O15+O23 -> -332.73594
B27: Ending cash | G27: =BS!G5 -> 0 | H27: =SUM(H25:H26) -> 0 | I27: =SUM(I25:I26) -> 0 | J27: =SUM(J25:J26) -> 0 | K27: =SUM(K25:K26) -> 195.94639 | L27: =SUM(L25:L26) -> 275.05839 | M27: =SUM(M25:M26) -> 307.82874 | N27: =SUM(N25:N26) -> 332.73594 | O27: =SUM(O25:O26) -> 0

Sheet Debt
A1: =Title -> Hologic LBO
A2: Figures in MMs | C2: Hist. | D2: Hist. | H2: Proj. | I2: Proj. | J2: Proj. | K2: Proj. | L2: Proj. | M2: Proj. | N2: Proj. | O2: Proj.
A3: {=MID(CELL("filename",A3),FIND("]",CELL("filename",A3))+1,255)} -> #VALUE! | C3: =EDATE(D3,-12) -> 45565 | D3: =target_yrend -> 45930 | E3: Accounting | F3: Financing | G3: Combo | H3: =EDATE(D3,12) -> 46295 | I3: =EDATE(H3,12) -> 46660 | J3: =EDATE(I3,12) -> 47026 | K3: =EDATE(J3,12) -> 47391 | L3: =EDATE(K3,12) -> 47756 | M3: =EDATE(L3,12) -> 48121 | N3: =EDATE(M3,12) -> 48487 | O3: =EDATE(N3,12) -> 48852
A5: Mandatory repayment assumptions
B6: =BS!B23 -> Term loan B | H6: 0 | I6: 0 | J6: 0 | K6: 0 | L6: 0 | M6: 0 | N6: 1 | O6: 0
B7: =BS!B25 -> Subordinated debt | H7: 0 | I7: 0 | J7: 0 | K7: 0 | L7: 0 | M7: 0 | N7: 0 | O7: 1
A9: Cash flow
B10: Beginning cash balance | H10: =BS!G5 -> 0 | I10: =BS!H5 -> 0 | J10: =BS!I5 -> 0 | K10: =BS!J5 -> 0 | L10: =BS!K5 -> 195.94639 | M10: =BS!L5 -> 275.05839 | N10: =BS!M5 -> 307.82874 | O10: =BS!N5 -> 332.73594
B11: Cash flow from operations | H11: =CFS!H11 -> 884.25513 | I11: =CFS!I11 -> 981.94011 | J11: =CFS!J11 -> 1069.0633 | K11: =CFS!K11 -> 1017.8522 | L11: =CFS!L11 -> 1092.1318 | M11: =CFS!M11 -> 1151.615 | N11: =CFS!N11 -> 1226.2878 | O11: =CFS!O11 -> 1332.5021
B12: Cash flow from investing | H12: =CFS!H15 -> -1158.5458 | I12: =CFS!I15 -> -1657.4802 | J12: =CFS!J15 -> -172.67914 | K12: =CFS!K15 -> -180.61988 | L12: =CFS!L15 -> -187.84468 | M12: =CFS!M15 -> -195.35846 | N12: =CFS!N15 -> -203.1728 | O12: =CFS!O15 -> -211.29971
B13: Cash flow for debt repayment | H13: =SUM(H10:H12) -> -274.2907 | I13: =SUM(I10:I12) -> -675.54014 | J13: =SUM(J10:J12) -> 896.38414 | K13: =SUM(K10:K12) -> 837.23228 | L13: =SUM(L10:L12) -> 1100.2335 | M13: =SUM(M10:M12) -> 1231.315 | N13: =SUM(N10:N12) -> 1330.9438 | O13: =SUM(O10:O12) -> 1453.9384
B15: Mandatory repayments
B16: =B6 -> Term loan B | H16: =H41 -> 0 | I16: =I41 -> 0 | J16: =J41 -> 0 | K16: =K41 -> 0 | L16: =L41 -> 0 | M16: =M41 -> 0 | N16: =N41 -> 0 | O16: =O41 -> 0
B17: =B7 -> Subordinated debt | H17: =H59 -> 0 | I17: =I59 -> 0 | J17: =J59 -> 0 | K17: =K59 -> 0 | L17: =L59 -> 0 | M17: =M59 -> 0 | N17: =N59 -> 0 | O17: =O59 -> -2000
B18: Cash flow for revolver | H18: =SUM(H13,H16:H17) -> -274.2907 | I18: =SUM(I13,I16:I17) -> -675.54014 | J18: =SUM(J13,J16:J17) -> 896.38414 | K18: =SUM(K13,K16:K17) -> 837.23228 | L18: =SUM(L13,L16:L17) -> 1100.2335 | M18: =SUM(M13,M16:M17) -> 1231.315 | N18: =SUM(N13,N16:N17) -> 1330.9438 | O18: =SUM(O13,O16:O17) -> -546.06165
B20: Revolver
B21: Beginning | H21: =G23 -> 0 | I21: =H23 -> 274.2907 | J21: =I23 -> 949.83084 | K21: =J23 -> 53.446698 | L21: =K23 -> 0 | M21: =L23 -> 0 | N21: =M23 -> 0 | O21: =N23 -> 0
B22: Issuance (repayment) | H22: =-MIN(H21,H18) -> 274.2907 | I22: =-MIN(I21,I18) -> 675.54014 | J22: =-MIN(J21,J18) -> -896.38414 | K22: =-MIN(K21,K18) -> -53.446698 | L22: =-MIN(L21,L18) -> 0 | M22: =-MIN(M21,M18) -> 0 | N22: =-MIN(N21,N18) -> 0 | O22: =-MIN(O21,O18) -> 546.06165
B23: Ending | G23: =BS!G16 -> 0 | H23: =SUM(H21:H22) -> 274.2907 | I23: =SUM(I21:I22) -> 949.83084 | J23: =SUM(J21:J22) -> 53.446698 | K23: =SUM(K21:K22) -> 0 | L23: =SUM(L21:L22) -> 0 | M23: =SUM(M21:M22) -> 0 | N23: =SUM(N21:N22) -> 0 | O23: =SUM(O21:O22) -> 546.06165
B24: Interest expense | H24: =-LBO!$G$54*AVERAGE(Debt!G23:H23) -> -9.3258839 | I24: =-LBO!$G$54*AVERAGE(Debt!H23:I23) -> -41.620132 | J24: =-LBO!$G$54*AVERAGE(Debt!I23:J23) -> -34.111436 | K24: =-LBO!$G$54*AVERAGE(Debt!J23:K23) -> -1.8171877 | L24: =-LBO!$G$54*AVERAGE(Debt!K23:L23) -> 0 | M24: =-LBO!$G$54*AVERAGE(Debt!L23:M23) -> 0 | N24: =-LBO!$G$54*AVERAGE(Debt!M23:N23) -> 0 | O24: =-LBO!$G$54*AVERAGE(Debt!N23:O23) -> -18.566096
B26: Revolver facility total commitment | G26: =LBO!$D$23 -> 750 | H26: =LBO!$D$23 -> 750 | I26: =LBO!$D$23 -> 750 | J26: =LBO!$D$23 -> 750 | K26: =LBO!$D$23 -> 750 | L26: =LBO!$D$23 -> 750 | M26: =LBO!$D$23 -> 750 | N26: =LBO!$D$23 -> 750 | O26: =LBO!$D$23 -> 750
B27: Drawn | G27: =G23 -> 0 | H27: =H23 -> 274.2907 | I27: =I23 -> 949.83084 | J27: =J23 -> 53.446698 | K27: =K23 -> 0 | L27: =L23 -> 0 | M27: =M23 -> 0 | N27: =N23 -> 0 | O27: =O23 -> 546.06165
B28: Undrawn | G28: =MAX(G26-G27,0) -> 750 | H28: =MAX(H26-H27,0) -> 475.7093 | I28: =MAX(I26-I27,0) -> 0 | J28: =MAX(J26-J27,0) -> 696.5533 | K28: =MAX(K26-K27,0) -> 750 | L28: =MAX(L26-L27,0) -> 750 | M28: =MAX(M26-M27,0) -> 750 | N28: =MAX(N26-N27,0) -> 750 | O28: =MAX(O26-O27,0) -> 203.93835
B29: Commitment fee | H29: =AVERAGE(G28,H28)*LBO!$D$24*-1 -> -3.0642732 | I29: =AVERAGE(H28,I28)*LBO!$D$24*-1 -> -1.1892732 | J29: =AVERAGE(I28,J28)*LBO!$D$24*-1 -> -1.7413833 | K29: =AVERAGE(J28,K28)*LBO!$D$24*-1 -> -3.6163833 | L29: =AVERAGE(K28,L28)*LBO!$D$24*-1 -> -3.75 | M29: =AVERAGE(L28,M28)*LBO!$D$24*-1 -> -3.75 | N29: =AVERAGE(M28,N28)*LBO!$D$24*-1 -> -3.75 | O29: =AVERAGE(N28,O28)*LBO!$D$24*-1 -> -2.3848459
B30: Compliance check | H30: =IF(H27>H26,"Overdrawn", "OK") -> OK | I30: =IF(I27>I26,"Overdrawn", "OK") -> Overdrawn | J30: =IF(J27>J26,"Overdrawn", "OK") -> OK | K30: =IF(K27>K26,"Overdrawn", "OK") -> OK | L30: =IF(L27>L26,"Overdrawn", "OK") -> OK | M30: =IF(M27>M26,"Overdrawn", "OK") -> OK | N30: =IF(N27>N26,"Overdrawn", "OK") -> OK | O30: =IF(O27>O26,"Overdrawn", "OK") -> OK
B32: Cash flow for first lien acceleration | H32: =(H18+H22)*LBO!$D$21 -> 0 | I32: =(I18+I22)*LBO!$D$21 -> 0 | J32: =(J18+J22)*LBO!$D$21 -> 0 | K32: =(K18+K22)*LBO!$D$21 -> 587.83918 | L32: =(L18+L22)*LBO!$D$21 -> 825.17516 | M32: =(M18+M22)*LBO!$D$21 -> 923.48622 | N32: =(N18+N22)*LBO!$D$21 -> 998.20782 | O32: =(O18+O22)*LBO!$D$21 -> 0
B34: =B6 -> Term loan B
B35: Div recap year | D35: 3 | H35: 1 | I35: 2 | J35: 3 | K35: 4 | L35: 5 | M35: 6 | N35: 7 | O35: 8
B36: Recap loan interest | D36: 0.07
B37: Recap amount | D37: 8000
B39: Beginning balance | H39: =G43 -> 5000 | I39: =H43 -> 5000 | J39: =I43 -> 5000 | K39: =J43 -> 0 | L39: =K43 -> 0 | M39: =L43 -> 0 | N39: =M43 -> 0 | O39: =N43 -> 0
B40: Div recap | H40: =IF(H35=$D$35,G43*-1,) -> 0 | I40: =IF(I35=$D$35,H43*-1,) -> 0 | J40: =IF(J35=$D$35,I43*-1,) -> -5000 | K40: =IF(K35=$D$35,J43*-1,) -> 0 | L40: =IF(L35=$D$35,K43*-1,) -> 0 | M40: =IF(M35=$D$35,L43*-1,) -> 0 | N40: =IF(N35=$D$35,M43*-1,) -> 0 | O40: =IF(O35=$D$35,N43*-1,) -> 0
B41: Mandatory repayment | H41: =-MIN($G$43*H6,H39) -> 0 | I41: =-MIN($G$43*I6,I39) -> 0 | J41: =-MIN($G$43*J6,J39) -> 0 | K41: =-MIN($G$43*K6,K39) -> 0 | L41: =-MIN($G$43*L6,L39) -> 0 | M41: =-MIN($G$43*M6,M39) -> 0 | N41: =-MIN($G$43*N6,N39) -> 0 | O41: =-MIN($G$43*O6,O39) -> 0
B42: Accelerated repayment | H42: =-MIN(H39+H41+H40,H32) -> 0 | I42: =-MIN(I39+I41+I40,I32) -> 0 | J42: =-MIN(J39+J41+J40,J32) -> 0 | K42: =-MIN(K39+K41+K40,K32) -> 0 | L42: =-MIN(L39+L41+L40,L32) -> 0 | M42: =-MIN(M39+M41+M40,M32) -> 0 | N42: =-MIN(N39+N41+N40,N32) -> 0 | O42: =-MIN(O39+O41+O40,O32) -> 0
B43: Ending balance | G43: =BS!F23 -> 5000 | H43: =SUM(H39:H42) -> 5000 | I43: =SUM(I39:I42) -> 5000 | J43: =SUM(J39:J42) -> 0 | K43: =SUM(K39:K42) -> 0 | L43: =SUM(L39:L42) -> 0 | M43: =SUM(M39:M42) -> 0 | N43: =SUM(N39:N42) -> 0 | O43: =SUM(O39:O42) -> 0
B44: Interest expense | H44: =-LBO!$G$55*AVERAGE(Debt!G43:H43) -> -340 | I44: =-LBO!$G$55*AVERAGE(Debt!H43:I43) -> -340 | J44: =-LBO!$G$55*AVERAGE(Debt!I43:J43) -> -170 | K44: =-LBO!$G$55*AVERAGE(Debt!J43:K43) -> 0 | L44: =-LBO!$G$55*AVERAGE(Debt!K43:L43) -> 0 | M44: =-LBO!$G$55*AVERAGE(Debt!L43:M43) -> 0 | N44: =-LBO!$G$55*AVERAGE(Debt!M43:N43) -> 0 | O44: =-LBO!$G$55*AVERAGE(Debt!N43:O43) -> 0
B46: Refinanced TLB
B47: Beginning balance | H47: =G50 -> 0 | I47: =H50 -> 0 | J47: =I50 -> 0 | K47: =J50 -> 8000 | L47: =K50 -> 7412.1608 | M47: =L50 -> 6586.9857 | N47: =M50 -> 5663.4994 | O47: =N50 -> 4665.2916
B48: div recap | H48: =IF(H35=$D$35,$D$37,) -> 0 | I48: =IF(I35=$D$35,$D$37,) -> 0 | J48: =IF(J35=$D$35,$D$37,) -> 8000 | K48: =IF(K35=$D$35,$D$37,) -> 0 | L48: =IF(L35=$D$35,$D$37,) -> 0 | M48: =IF(M35=$D$35,$D$37,) -> 0 | N48: =IF(N35=$D$35,$D$37,) -> 0 | O48: =IF(O35=$D$35,$D$37,) -> 0
B49: Accelerated repayment | H49: =MIN(H47,H32)*-1 -> 0 | I49: =MIN(I47,I32)*-1 -> 0 | J49: =MIN(J47,J32)*-1 -> 0 | K49: =MIN(K47,K32)*-1 -> -587.83918 | L49: =MIN(L47,L32)*-1 -> -825.17516 | M49: =MIN(M47,M32)*-1 -> -923.48622 | N49: =MIN(N47,N32)*-1 -> -998.20782 | O49: =MIN(O47,O32)*-1 -> 0
B50: Ending balance | G50: 0 | H50: =SUM(H47:H49) -> 0 | I50: =SUM(I47:I49) -> 0 | J50: =SUM(J47:J49) -> 8000 | K50: =SUM(K47:K49) -> 7412.1608 | L50: =SUM(L47:L49) -> 6586.9857 | M50: =SUM(M47:M49) -> 5663.4994 | N50: =SUM(N47:N49) -> 4665.2916 | O50: =SUM(O47:O49) -> 4665.2916
B51: Interest expense | H51: =AVERAGE(G50,H50)*$D$36*-1 -> 0 | I51: =AVERAGE(H50,I50)*$D$36*-1 -> 0 | J51: =AVERAGE(I50,J50)*$D$36*-1 -> -280 | K51: =AVERAGE(J50,K50)*$D$36*-1 -> -539.42563 | L51: =AVERAGE(K50,L50)*$D$36*-1 -> -489.97013 | M51: =AVERAGE(L50,M50)*$D$36*-1 -> -428.76698 | N51: =AVERAGE(M50,N50)*$D$36*-1 -> -361.50769 | O51: =AVERAGE(N50,O50)*$D$36*-1 -> -326.57041
B53: Dividends | H53: =(H40+H48)*-1 -> 0 | I53: =(I40+I48)*-1 -> 0 | J53: =(J40+J48)*-1 -> -3000 | K53: =(K40+K48)*-1 -> 0 | L53: =(L40+L48)*-1 -> 0 | M53: =(M40+M48)*-1 -> 0 | N53: =(N40+N48)*-1 -> 0 | O53: =(O40+O48)*-1 -> 0
B55: Cash flow for second lien acceleration | H55: =H32+H42+H49+H40+H48+H53 -> 0 | I55: =I32+I42+I49+I40+I48+I53 -> 0 | J55: =J32+J42+J49+J40+J48+J53 -> 0 | K55: =K32+K42+K49+K40+K48+K53 -> 0 | L55: =L32+L42+L49+L40+L48+L53 -> 0 | M55: =M32+M42+M49+M40+M48+M53 -> 0 | N55: =N32+N42+N49+N40+N48+N53 -> 0 | O55: =O32+O42+O49+O40+O48+O53 -> 0
B57: =B7 -> Subordinated debt
B58: Beginning balance | H58: =G61 -> 2000 | I58: =H61 -> 2000 | J58: =I61 -> 2000 | K58: =J61 -> 2000 | L58: =K61 -> 2000 | M58: =L61 -> 2000 | N58: =M61 -> 2000 | O58: =N61 -> 2000
B59: Mandatory repayment | H59: =-MIN($G$61*H7,H58) -> 0 | I59: =-MIN($G$61*I7,I58) -> 0 | J59: =-MIN($G$61*J7,J58) -> 0 | K59: =-MIN($G$61*K7,K58) -> 0 | L59: =-MIN($G$61*L7,L58) -> 0 | M59: =-MIN($G$61*M7,M58) -> 0 | N59: =-MIN($G$61*N7,N58) -> 0 | O59: =-MIN($G$61*O7,O58) -> -2000
B60: Accelerated repayment | H60: =-MIN(H58+H59,H55) -> 0 | I60: =-MIN(I58+I59,I55) -> 0 | J60: =-MIN(J58+J59,J55) -> 0 | K60: =-MIN(K58+K59,K55) -> 0 | L60: =-MIN(L58+L59,L55) -> 0 | M60: =-MIN(M58+M59,M55) -> 0 | N60: =-MIN(N58+N59,N55) -> 0 | O60: =-MIN(O58+O59,O55) -> 0
B61: Ending balance | G61: =BS!F25 -> 2000 | H61: =SUM(H58:H60) -> 2000 | I61: =SUM(I58:I60) -> 2000 | J61: =SUM(J58:J60) -> 2000 | K61: =SUM(K58:K60) -> 2000 | L61: =SUM(L58:L60) -> 2000 | M61: =SUM(M58:M60) -> 2000 | N61: =SUM(N58:N60) -> 2000 | O61: =SUM(O58:O60) -> 0
B62: Interest expense | H62: =-LBO!$G$56*AVERAGE(Debt!G61:H61) -> -161 | I62: =-LBO!$G$56*AVERAGE(Debt!H61:I61) -> -161 | J62: =-LBO!$G$56*AVERAGE(Debt!I61:J61) -> -161 | K62: =-LBO!$G$56*AVERAGE(Debt!J61:K61) -> -161 | L62: =-LBO!$G$56*AVERAGE(Debt!K61:L61) -> -161 | M62: =-LBO!$G$56*AVERAGE(Debt!L61:M61) -> -161 | N62: =-LBO!$G$56*AVERAGE(Debt!M61:N61) -> -161 | O62: =-LBO!$G$56*AVERAGE(Debt!N61:O61) -> -80.5
B64: Mezzanine
B65: PIK interest switch | D65: 1
B66: Cash interest reduction | D66: -0.02
B67: Mezz cash int rate | D67: =LBO!$G$57+Debt!D66 -> 0.1
B69: Beginning balance | H69: =G71 -> 1500 | I69: =H71 -> 1680 | J69: =I71 -> 1881.6 | K69: =J71 -> 2107.392 | L69: =K71 -> 2360.279 | M69: =L71 -> 2643.5125 | N69: =M71 -> 2960.734 | O69: =N71 -> 3316.0221
B70: PIK interest | H70: =$D$65*LBO!$G$57*Debt!H69 -> 180 | I70: =$D$65*LBO!$G$57*Debt!I69 -> 201.6 | J70: =$D$65*LBO!$G$57*Debt!J69 -> 225.792 | K70: =$D$65*LBO!$G$57*Debt!K69 -> 252.88704 | L70: =$D$65*LBO!$G$57*Debt!L69 -> 283.23348 | M70: =$D$65*LBO!$G$57*Debt!M69 -> 317.2215 | N70: =$D$65*LBO!$G$57*Debt!N69 -> 355.28808 | O70: =$D$65*LBO!$G$57*Debt!O69 -> 397.92265
B71: Ending balance | G71: =LBO!C57 -> 1500 | H71: =SUM(H69:H70) -> 1680 | I71: =SUM(I69:I70) -> 1881.6 | J71: =SUM(J69:J70) -> 2107.392 | K71: =SUM(K69:K70) -> 2360.279 | L71: =SUM(L69:L70) -> 2643.5125 | M71: =SUM(M69:M70) -> 2960.734 | N71: =SUM(N69:N70) -> 3316.0221 | O71: =SUM(O69:O70) -> 3713.9448
B72: Cash interest | H72: =IF($D$65=0,AVERAGE(G71,H71)*$D$67*-1,0) -> 0 | I72: =IF($D$65=0,AVERAGE(H71,I71)*$D$67*-1,0) -> 0 | J72: =IF($D$65=0,AVERAGE(I71,J71)*$D$67*-1,0) -> 0 | K72: =IF($D$65=0,AVERAGE(J71,K71)*$D$67*-1,0) -> 0 | L72: =IF($D$65=0,AVERAGE(K71,L71)*$D$67*-1,0) -> 0 | M72: =IF($D$65=0,AVERAGE(L71,M71)*$D$67*-1,0) -> 0 | N72: =IF($D$65=0,AVERAGE(M71,N71)*$D$67*-1,0) -> 0 | O72: =IF($D$65=0,AVERAGE(N71,O71)*$D$67*-1,0) -> 0
B74: Total interest expense (incl fees) | H74: =SUM(H24,H29,H44,H62,H70*-1+H72,SUM(Calc!H34:H36),H51) -> -717.67587 | I74: =SUM(I24,I29,I44,I62,I70*-1+I72,SUM(Calc!I34:I36),I51) -> -769.69512 | J74: =SUM(J24,J29,J44,J62,J70*-1+J72,SUM(Calc!J34:J36),J51) -> -896.93053 | K74: =SUM(K24,K29,K44,K62,K70*-1+K72,SUM(Calc!K34:K36),K51) -> -983.03195 | L74: =SUM(L24,L29,L44,L62,L70*-1+L72,SUM(Calc!L34:L36),L51) -> -962.23933 | M74: =SUM(M24,M29,M44,M62,M70*-1+M72,SUM(Calc!M34:M36),M51) -> -935.0242 | N74: =SUM(N24,N29,N44,N62,N70*-1+N72,SUM(Calc!N34:N36),N51) -> -905.83148 | O74: =SUM(O24,O29,O44,O62,O70*-1+O72,SUM(Calc!O34:O36),O51) -> -835.94401
B75: Total cash interest (incl cash fees) | H75: =SUM(H24,H29,H44,H62,H72,H51) -> -513.39016 | I75: =SUM(I24,I29,I44,I62,I72,I51) -> -543.80941 | J75: =SUM(J24,J29,J44,J62,J72,J51) -> -646.85282 | K75: =SUM(K24,K29,K44,K62,K72,K51) -> -705.8592 | L75: =SUM(L24,L29,L44,L62,L72,L51) -> -654.72013 | M75: =SUM(M24,M29,M44,M62,M72,M51) -> -593.51698 | N75: =SUM(N24,N29,N44,N62,N72,N51) -> -526.25769 | O75: =SUM(O24,O29,O44,O62,O72,O51) -> -428.02135
A78: Credit ratios
B79: EBITDA | H79: =CFS!H5 -> 1500.1219 | I79: =CFS!I5 -> 1689.1046 | J79: =CFS!J5 -> 1867.2285 | K79: =CFS!K5 -> 1842.2773 | L79: =CFS!L5 -> 1865.9268 | M79: =CFS!M5 -> 1880.5189 | N79: =CFS!N5 -> 1905.0657 | O79: =CFS!O5 -> 1938.3725
B80: EBITDA - capex | H80: =H79+CFS!H13 -> 1341.576 | I80: =I79+CFS!I13 -> 1531.6243 | J80: =J79+CFS!J13 -> 1694.5494 | K80: =K79+CFS!K13 -> 1661.6575 | L80: =L79+CFS!L13 -> 1678.0822 | M80: =M79+CFS!M13 -> 1685.1604 | N80: =N79+CFS!N13 -> 1701.8929 | O80: =O79+CFS!O13 -> 1727.0728
B81: Total debt | G81: =SUM(G23,G43,G61,G71,G50) -> 8500 | H81: =SUM(H23,H43,H61,H71,H50) -> 8954.2907 | I81: =SUM(I23,I43,I61,I71,I50) -> 9831.4308 | J81: =SUM(J23,J43,J61,J71,J50) -> 12160.839 | K81: =SUM(K23,K43,K61,K71,K50) -> 11772.44 | L81: =SUM(L23,L43,L61,L71,L50) -> 11230.498 | M81: =SUM(M23,M43,M61,M71,M50) -> 10624.233 | N81: =SUM(N23,N43,N61,N71,N50) -> 9981.3137 | O81: =SUM(O23,O43,O61,O71,O50) -> 8925.298
B83: Total debt / EBITDA | H83: =H81/H79 -> 5.9690422 | I83: =I81/I79 -> 5.8204986 | J83: =J81/J79 -> 6.5127748 | K83: =K81/K79 -> 6.3901561 | L83: =L81/L79 -> 6.0187237 | M83: =M81/M79 -> 5.6496287 | N83: =N81/N79 -> 5.239354 | O83: =O81/O79 -> 4.6045318
B84: Total debt / EBITDA - capex | H84: =H81/H80 -> 6.6744564 | I84: =I81/I80 -> 6.418957 | J84: =J81/J80 -> 7.1764441 | K84: =K81/K80 -> 7.0847573 | L84: =L81/L80 -> 6.6924602 | M84: =M81/M80 -> 6.3045829 | N84: =N81/N80 -> 5.8648306 | O84: =O81/O80 -> 5.1678759
B85: EBITDA / cash interest | H85: =H79/-H74 -> 2.0902498 | I85: =I79/-I74 -> 2.1945112 | J85: =J79/-J74 -> 2.0817983 | K85: =K79/-K74 -> 1.8740768 | L85: =L79/-L74 -> 1.9391505 | M85: =M79/-M74 -> 2.0111981 | N85: =N79/-N74 -> 2.1031127 | O85: =O79/-O74 -> 2.3187827
B86: EBITDA - capex / cash interest | H86: =(H80+CFS!H13)/-Debt!H74 -> 1.6484185 | I86: =(I80+CFS!I13)/-Debt!I74 -> 1.7853096 | J86: =(J80+CFS!J13)/-Debt!J74 -> 1.6967537 | K86: =(K80+CFS!K13)/-Debt!K74 -> 1.5066017 | L86: =(L80+CFS!L13)/-Debt!L74 -> 1.5487181 | M86: =(M80+CFS!M13)/-Debt!M74 -> 1.5933298 | N86: =(N80+CFS!N13)/-Debt!N74 -> 1.6545242 | O86: =(O80+CFS!O13)/-Debt!O74 -> 1.8132472
B87: % of total debt repaid | H87: =1-H81/$G$81 -> -0.053445965 | I87: =1-I81/$G$81 -> -0.15663892 | J87: =1-J81/$G$81 -> -0.43068691 | K87: =1-K81/$G$81 -> -0.38499292 | L87: =1-L81/$G$81 -> -0.32123508 | M87: =1-M81/$G$81 -> -0.24990982 | N87: =1-N81/$G$81 -> -0.1742722 | O87: =1-O81/$G$81 -> -0.050035062
